Cogmind - Beta 12 @@@ ROGUE MODE // 2023.04.27 @ 03:08:11 Player: ktur Result: Core destroyed Performance ------------- Evolutions (8) 4000 Regions Visited (32) 6400 Robots Destroyed (579) 2895 Value Destroyed (30284) 30284 Prototype IDs (108) 2160 Alien Tech Used (5) 1000 Bonus (4472) 4472 TOTAL SCORE: 51211 Bonus ------- High Alert Combat Kills 4134 Follower Combat Kills 2793 Entered Garrisons 1600 Used RIF Installer 4000 Network Hubs Disabled 400 Aligned with FarCom 300 A7 Reached Mainframe 300 Met R17 at Cetus 500 Friendly Fire -9555 Cogmind --------- Core Integrity 0/1450 Matter 153/300 Energy 353/600 System Corruption 72% Temperature Critical (821) Movement Walking (100) Location -2/Section 7 Parts ------- > --- POWER (2) -------- Quantum Reactor Improved Quantum Reactor > --- PROPULSION (6) --- Enhanced Biometal Leg Enhanced Biometal Leg Enhanced Biometal Leg Enhanced Biometal Leg Enhanced Biometal Leg Enhanced Biometal Leg > --- UTILITY (12) ----- Huge Storage Unit Enhanced Optical Array Core Analyzer Quantum Capacitor Heavy Regenerative Plating Relay Coupler [NC] (5) Relay Coupler [Sentry] (38) Core Physics Calibrator > --- WEAPON (3) ------- Enhanced Nova Cannon > --- INVENTORY (25) --- Experimental Power Amplifier Experimental Power Amplifier Improved Energy Well (400) Improved Energy Well (400) Matter Compressor (250) Advanced Transmission Jammer Relay Coupler [Behemoth] (12) Relay Coupler [Proto] (9) Relay Coupler [Proto] (9) Relay Coupler [Proto] (9) Relay Coupler [Proto] (9) Relay Coupler [Proto] (9) Transdimensional Reconstructor High-powered Transdimensional Reconstructor Integrated Dissipator Integrated Mediator Subatomic Replicator Improved Potential Cannon Graviton Cannon Hellfire Missile Launcher Advanced Remote Datajack Core Stripper Peak State ------------ > --- POWER ------------ Micro Antimatter Reactor Light Quantum Reactor > --- PROPULSION ------- Biometal Leg Biometal Leg Centrium Leg Centrium Leg Centrium Leg High-density Centrium Leg > --- UTILITY ---------- Experimental Power Amplifier Huge Storage Unit Enhanced Optical Array Core Analyzer Advanced Transmission Jammer Advanced Phase Shifter Phase Armor Relay Coupler [NC] Relay Coupler [Sentry] Relay Coupler [Proto] Relay Coupler [Proto] > --- WEAPON ----------- Enhanced Nova Cannon Sigix Broadsword > --- INVENTORY -------- Biometal Leg Experimental Power Amplifier Improved Energy Well Improved Energy Well Matter Compressor Advanced Weapon Cycler Phase Redirector Relay Coupler [Heavy] Relay Coupler [Behemoth] Relay Coupler [Proto] Relay Coupler [Proto] Relay Coupler [Proto] Relay Coupler [Proto] Relay Coupler [Proto] Dimensional Node Initializer Transdimensional Reconstructor Transdimensional Reconstructor High-powered Transdimensional Reconstructor Subatomic Replicator Improved Potential Cannon Hellfire Missile Launcher Advanced Remote Datajack Core Stripper [Rating: 218] Favorites ----------- Power F-cell Engine Engine F-cell Engine Power Core Enhanced Nuclear Core Reactor Quantum Reactor Propulsion Enhanced Biometal Leg Treads Light Treads Leg Enhanced Biometal Leg Wheel Armored Wheel Flight Unit Improved Surge Thruster Utility Huge Storage Unit Device Cooling System Storage Huge Storage Unit Processor Core Analyzer Hackware Relay Coupler [NC] Protection Medium Armor Plating Artifact Core Physics Calibrator Weapon Flak Gun Energy Gun Improved EM Shotgun Energy Cannon Enhanced Nova Cannon Ballistic Gun Flak Gun Ballistic Cannon Compact Mass Driver Launcher Smartbomb Launcher Special Weapon Advanced Remote Datajack Impact Weapon Powered Hammer Slashing Weapon Sigix Broadsword Special Melee Weapon Datajack Build | -11 -10 -10 -9 -9 -9 -8 -8 -8 -8 -8 -7 -7 -7 -7 -6 -6 -6 -6 -6 -5 -5 -5 -5 -4 -4 -4 -4 -3 -3 -2 -2 -2 ------- Run | Jun Mat Min Mat Min Exi Min Mat Gar Mat Gar Fac Gar Fac Gar Fac Ext Cet Arc Hub Fac Gar Fac Gar Fac Gar Fac Gar Res Tes Res Qua Sec Slots Evolved 16 | . . . 2 . . . 2 . . . 2 . . . 2 . . . . 2 . . . 2 . . . 2 . 2 . . Power 1 | . . . . . . . . . . . . . . . . . . . . 1 . . . . . . . . . . . . Propulsion 4 | . . . 1 . . . . . . . 1 . . . . . . . . 1 . . . . . . . 1 . . . . Utility 10 | . . . 1 . . . 2 . . . 1 . . . 2 . . . . . . . . 1 . . . 1 . 2 . . Weapon 1 | . . . . . . . . . . . . . . . . . . . . . . . . 1 . . . . . . . . Parts Attached 657 | 6 14 1 25 1 11 . 14 3 8 7 17 15 9 13 42 21 11 11 38 16 13 47 19 12 46 7 31 23 49 25 64 38 Power 60 | 1 . 1 3 1 . . . . 1 . 1 . . . 5 2 1 1 1 5 . 2 2 1 5 1 6 1 4 1 9 5 Engine 20 | 1 . 1 3 1 . . . . 1 . 1 . . . 4 2 . 1 1 2 . 1 1 . . . . . . . . . Core 9 | . . . . . . . . . . . . . . . 1 . . . . 1 . 1 1 . 4 . 1 . . . . . Reactor 31 | . . . . . . . . . . . . . . . . . 1 . . 2 . . . 1 1 1 5 1 4 1 9 5 Propulsion 142 | 2 . . 8 . 6 . 5 . 1 1 5 7 . 3 6 3 3 . 7 3 . 1 3 1 22 2 10 3 9 10 12 9 Treads 38 | 2 . . 7 . 4 . 5 . 1 1 3 1 . 1 1 1 3 . 3 . . . . . . . . . 2 3 . . Leg 84 | . . . . . 2 . . . . . 2 6 . 2 5 2 . . 4 3 . 1 3 1 4 1 10 3 7 7 12 9 Wheel 12 | . . . . . . . . . . . . . . . . . . . . . . . . . 11 1 . . . . . . Hover . | . . . . . . . . . . . . . . . . . . . . . . . . . . . . . . . . . Flight 8 | . . . 1 . . . . . . . . . . . . . . . . . . . . . 7 . . . . . . . Utility 220 | 1 4 . 5 . 2 . 6 3 1 4 8 3 8 1 8 4 3 8 21 7 7 27 7 4 7 2 4 7 15 9 24 10 Device 122 | . 2 . 2 . 1 . 2 . 1 2 5 1 4 1 2 2 . 6 13 5 3 17 4 2 2 2 2 4 7 5 19 6 Storage 10 | 1 2 . 2 . . . . . . . . . . . 1 . . . . . . . . . 2 . . 1 1 . . . Processor 10 | . . . . . . . . . . 1 1 . . . . . 1 . 1 . . 1 . 1 . . . 1 . 2 1 . Hackware 25 | . . . . . . . . 1 . . 2 . 2 . 4 . . . 2 1 2 2 1 1 2 . 1 . 2 . 2 . Protection 51 | . . . 1 . 1 . 4 2 . 1 . 2 2 . 1 2 2 2 5 1 2 7 2 . 1 . 1 1 5 2 1 3 Artifact 2 | . . . . . . . . . . . . . . . . . . . . . . . . . . . . . . . 1 1 Weapon 235 | 2 10 . 9 . 3 . 3 . 5 2 3 5 1 9 23 12 4 2 9 1 6 17 7 6 12 2 11 12 21 5 19 14 Energy Gun 22 | . . . 1 . . . 2 . 3 . . . . . 2 1 . . . . . 2 2 . 3 1 1 . 2 . . 2 Energy Cannon 43 | . 3 . 3 . 1 . . . . . . . . . 1 . . . 1 1 3 7 . 2 . . . 4 4 2 8 3 Ballistic Gun 68 | 2 4 . 4 . 1 . 1 . . 2 2 4 1 7 11 8 3 2 5 . . . . . . . 5 4 . . 2 . Ballistic Cannon 33 | . 3 . 1 . . . . . . . . . . . . 1 . . 2 . 2 2 5 1 6 . 1 1 6 . 1 1 Launcher 17 | . . . . . . . . . 1 . . . . . 1 . . . 1 . 1 3 . . 2 . 3 . . . 2 3 Special Weapon 36 | . . . . . . . . . . . 1 . . . 8 1 . . . . . 3 . 2 1 1 . 2 7 3 4 3 Impact Weapon 9 | . . . . . . . . . 1 . . 1 . 1 . 1 1 . . . . . . 1 . . 1 1 . . . 1 Slashing Weapon 6 | . . . . . . . . . . . . . . 1 . . . . . . . . . . . . . . 2 . 2 1 Piercing Weapon . | . . . . . . . . . . . . . . . . . . . . . . . . . . . . . . . . . Special Melee Weapon 1 | . . . . . 1 . . . . . . . . . . . . . . . . . . . . . . . . . . . Unidentified Prototypes 40 | . . . 3 . . . . . 1 . . . . . 2 1 3 1 4 1 . 1 . . . . . 1 9 1 7 5 Corrupted Parts 5 | . . . . . . . . . . . . . . . . . . 1 . . . . . . . . . 1 . . . 3 System Corruption 23 | . . . . . . . . . . . . . . . . . . 8 . . . . . . . . . 2 . . . 13 Parts Lost 106 | . . 1 . . . . 2 . . 2 3 6 . 2 2 3 . . 8 1 4 3 4 3 18 1 9 4 5 4 14 7 Power 20 | . . 1 . . . . . . . . . . . . 1 1 . . . . . . 2 2 3 . 2 1 1 . 3 3 Propulsion 30 | . . . . . . . 1 . . . 2 4 . 1 . 1 . . 1 . . . . . 8 . 6 2 1 1 2 . Utility 41 | . . . . . . . 1 . . 2 1 1 . 1 1 . . . 5 1 4 3 2 1 3 1 1 1 2 1 6 3 Weapon 15 | . . . . . . . . . . . . 1 . . . 1 . . 2 . . . . . 4 . . . 1 2 3 1 Highest Loss Streak 12 | . . 1 . . . . 1 . . 1 1 4 . 1 1 3 . . 2 1 2 3 2 2 12 1 6 3 4 2 9 4 To Critical Strikes . | . . . . . . . . . . . . . . . . . . . . . . . . . . . . . . . . . Average Slot Usage (%) 93 | . 90 99 98 100 99 100 99 99 100 93 84 91 94 90 96 97 88 85 84 93 96 98 92 85 73 90 95 99 95 89 92 83 Engine 5 | . 14 13 10 11 11 11 9 9 9 9 7 7 7 7 5 5 1 . 6 5 5 5 5 1 . . . . . . . . Reactor 2 | . . . . . . . . . . . . . . . . . 4 5 . 5 5 1 . 3 2 5 8 8 5 8 7 7 Treads 11 | . 28 28 32 33 32 33 27 27 27 27 23 8 . 4 2 . 10 13 11 . . . . . . . . . 3 4 . . Leg 14 | . . . . . . . . . . . 1 21 30 25 23 25 5 . 3 28 29 29 28 26 7 . 20 27 21 19 25 25 Device 10 | . 5 14 17 11 11 11 18 18 18 16 5 9 11 6 4 6 6 12 14 6 10 11 12 13 4 7 7 5 3 12 12 15 Storage 6 | . 14 14 11 11 11 11 9 9 9 9 7 7 7 7 6 6 6 6 6 5 5 5 5 5 4 5 5 4 4 4 4 4 Processor 7 | . . . . . . . . . . . 14 15 10 7 6 6 11 13 12 11 8 10 11 10 10 10 10 12 13 11 13 8 Hackware 8 | . . . . . . . . 4 . . . . 6 7 23 21 13 6 7 9 9 11 . 6 11 15 20 19 19 13 15 8 Protection 6 | . . . 3 11 11 11 17 13 18 12 7 7 3 7 6 11 14 13 7 10 8 4 8 . . . 2 4 3 3 . 2 Energy Gun 1 | . . . . . . . . 18 17 9 . . . . . 2 . . . . . . 6 . . 4 . . . . . . Energy Cannon 3 | . 5 14 13 11 8 11 8 . . . . . . . . . . . . 4 4 4 1 5 . . . 1 2 4 5 1 Ballistic Gun 6 | . 17 . 6 11 11 11 8 . . 8 14 13 14 13 11 7 12 13 9 . . . . . . . 10 9 2 . . . Ballistic Cannon 1 | . 5 14 2 . . . . . . . . . . . . . . . 2 . 3 3 2 1 6 10 2 . 4 2 . . Naked Turns . | . . . . . . . . . . . . . . . . . . . . . . . . . . . . . . . . . Heaviest Build 182 | 12 89 32 110 104 104 104 115 114 116 117 115 115 115 117 114 114 135 135 123 142 144 142 147 134 123 125 135 150 146 165 182 171 Greatest Support 184 | 40 40 40 60 60 60 60 60 60 60 60 80 80 80 80 77 87 160 160 160 150 150 150 150 125 145 60 110 150 155 178 184 182 Greatest Overweight (x) 32 | . 2 . 2 1 5 1 1 1 1 1 1 3 1 2 2 1 1 . 1 . . 1 1 1 32 2 9 1 1 5 1 2 Average Overweight (x) . | . . . . 1 1 1 1 1 1 1 1 1 1 1 1 1 . . . . . . . . . 1 1 . . . . . Largest Inventory Capacity 25 | 8 25 15 25 25 25 25 25 25 25 25 25 25 25 25 25 25 25 25 25 25 25 25 25 25 25 25 25 25 25 25 25 25 Average Capacity 24 | 7 13 15 24 25 25 25 25 25 25 25 25 25 25 25 25 25 25 25 25 25 25 25 25 25 21 25 25 25 25 25 25 25 Most Carried 25 | 6 15 15 25 25 25 25 25 25 25 25 25 25 25 25 25 25 25 25 25 25 25 25 25 25 25 25 25 25 25 25 25 25 Average Carried 24 | 2 12 14 22 24 24 25 24 24 24 24 24 24 24 24 24 24 24 24 24 24 24 24 24 24 20 24 24 24 24 23 24 24 Final Capacity 25 | 8 15 15 25 25 25 25 25 25 25 25 25 25 25 25 25 25 25 25 25 25 25 25 25 25 25 25 25 25 25 25 25 25 Final Carried 25 | 6 15 14 25 25 25 25 25 25 25 25 25 25 25 25 25 25 25 25 25 25 25 25 25 24 25 25 25 25 25 25 25 24 Class Distribution -------------------- 28% | Mutant 26% | Scavenger-Mutant 23% | Botlord-Mutant 12% | Bothacker-Mutant 3% | Botlord-Gunner 3% | Commander-Mutant Dominant Class ---------------- Mutant | -10/Materials Mutant | -10/Mines Mutant | -9/Materials Mutant | -9/Mines Mutant | -9/Exiles Mutant | -8/Mines Mutant | -8/Materials Mutant | -8/Garrison Mutant | -8/Materials Mutant | -8/Garrison Scavenger-Mutant | -7/Factory Scavenger-Mutant | -7/Garrison Bothacker-Mutant | -7/Factory Scavenger-Mutant | -7/Garrison Bothacker-Mutant | -6/Factory Commander-Mutant | -6/Extension Commander-Mutant | -6/Cetus Scavenger-Mutant | -6/Archives Scavenger-Mutant | -6/Hub_04(d) Scavenger-Mutant | -5/Factory Scavenger-Mutant | -5/Garrison Bothacker-Mutant | -5/Factory Bothacker-Mutant | -5/Garrison Botlord-Mutant | -4/Factory Botlord-Mutant | -4/Garrison Botlord-Mutant | -4/Factory Botlord-Gunner | -4/Garrison Botlord-Mutant | -3/Research Botlord-Mutant | -3/Testing Botlord-Mutant | -2/Research Botlord-Mutant | -2/Quarantine Botlord-Mutant | -2/Section 7 Resources | -11 -10 -10 -9 -9 -9 -8 -8 -8 -8 -8 -7 -7 -7 -7 -6 -6 -6 -6 -6 -5 -5 -5 -5 -4 -4 -4 -4 -3 -3 -2 -2 -2 ----------- Run | Jun Mat Min Mat Min Exi Min Mat Gar Mat Gar Fac Gar Fac Gar Fac Ext Cet Arc Hub Fac Gar Fac Gar Fac Gar Fac Gar Res Tes Res Qua Sec Matter Collected 17056 | 209 291 92 402 157 . 168 339 50 40 345 567 662 69 799 778 330 225 372 1787 331 673 781 650 197 1220 131 966 688 1419 455 1153 710 Remotely . | . . . . . . . . . . . . . . . . . . . . . . . . . . . . . . . . . Salvage Created 26946 | 46 473 84 1051 530 . 237 1353 125 241 916 941 332 . 567 701 745 111 492 2828 631 1792 1628 1257 303 1151 130 974 577 1433 1272 2239 1786 Parts 1388 | 7 30 5 63 24 . 10 71 11 14 42 54 17 . 25 26 39 5 39 197 24 55 93 36 14 51 9 45 25 91 67 113 86 Haulers Intercepted 14 | . 1 . 5 . . . 3 . 1 . . . . . 1 . . . . 1 . 2 . . . . . . . . . . Recyclers Shooed 17 | 1 1 . 1 . . 1 4 . 1 . . . . . 2 1 . . 1 . . 1 . . . . . 2 . 1 . . Parts Field Recycled . | . . . . . . . . . . . . . . . . . . . . . . . . . . . . . . . . . Retrieved Matter . | . . . . . . . . . . . . . . . . . . . . . . . . . . . . . . . . . Parts Self-Destructed . | . . . . . . . . . . . . . . . . . . . . . . . . . . . . . . . . . Prevented . | . . . . . . . . . . . . . . . . . . . . . . . . . . . . . . . . . Kills | -11 -10 -10 -9 -9 -9 -8 -8 -8 -8 -8 -7 -7 -7 -7 -6 -6 -6 -6 -6 -5 -5 -5 -5 -4 -4 -4 -4 -3 -3 -2 -2 -2 ------- Run | Jun Mat Min Mat Min Exi Min Mat Gar Mat Gar Fac Gar Fac Gar Fac Ext Cet Arc Hub Fac Gar Fac Gar Fac Gar Fac Gar Res Tes Res Qua Sec Combat Hostiles Destroyed 464 | . 10 4 21 17 . 6 22 5 5 16 22 12 . 14 11 13 1 1 38 6 31 27 21 3 28 2 20 6 23 18 27 34 Melee 9 | . . . . . . . . . . 1 . . . . . . . . . . . . . . . . . . . . 2 6 Guns 167 | . 2 . 5 5 . 2 12 5 1 12 21 12 . 14 9 13 1 1 27 . . . 10 . 3 . 9 . 3 . . . Cannons 198 | . 8 4 16 11 . 4 8 . . . . . . . . . . . 9 5 20 15 10 1 11 2 3 4 20 17 21 9 AOE 69 | . . . . . . . 2 . 3 1 1 . . . 2 . . . 2 . 3 11 . 2 14 . 8 1 . 1 2 16 Classes Destroyed 23 | 1 6 . 2 1 . . 2 1 . 1 2 . . 1 . 1 . . 3 . . . . . . . . . . . 2 . Worker 28 | . . . 2 . . . 4 . . . 1 . . . 1 . . . 11 1 . 3 . . . . . 1 4 . . . Builder 21 | . . . . . . . 3 . . . . . . . . . . . 3 1 . 5 . . . . . 4 2 . . 3 Tunneler 6 | 2 1 . . . . 1 . . . . . . . . 1 1 . . . . . . . . . . . . . . . . Hauler 14 | . 1 . 5 . . . 3 . 1 . . . . . 1 . . . . 1 . 2 . . . . . . . . . . Recycler 11 | . 1 . . . . . 3 . . . 1 . . . 1 . . . 1 . . 1 . . . . . 1 1 1 . . Mechanic 3 | . . . . . . . 1 . . . . . . . . . . . . . . 1 . . . . . . . . . 1 Operator 14 | . 1 . 1 . . . 1 . . . . . . . . . . 9 1 . . . . . . 1 . . . . . . Watcher 18 | . 1 . 1 . . . 1 . 1 . . . . . 1 2 1 . 1 3 . 3 . 2 . . . . . 1 . . Swarmer 92 | . 3 3 7 3 . 3 8 4 3 . 10 6 . . 2 3 . . 4 . . 9 . . 7 . 4 . . 4 5 4 Cutter 5 | . . . . . . . . . . . . . . 3 . . . . . . . . . . 2 . . . . . . . Grunt 176 | . 7 1 8 11 . 3 11 . . 8 7 3 . 3 7 3 . . 14 2 23 10 11 . 10 . 10 . 6 1 2 15 Brawler 8 | . . . . . . . . . . 2 . . . . . 1 . . . . 2 1 1 . . . . . . . . 1 Duelist 8 | . . . . . . . . . . . 1 . . . . . . . . . 2 1 1 . . . . . 1 . . 2 Protector 1 | . . . . . . . . . . . . . . . . . . . 1 . . . . . . . . . . . . . Sentry 44 | . . . 6 . . . 3 . 1 5 2 . . 6 1 4 . 1 3 2 1 1 . 1 2 . 1 . . 3 . 1 Specialist 12 | . . . . . . . . . . . . . . . . . . . 4 . . . . 2 . . . . 3 . 3 . Hunter 37 | . . . . . . . . 1 1 2 . 2 . . 1 . . . . 2 . . 7 . 2 2 4 4 . 2 5 2 Programmer 64 | . . . . . . . . . . . 2 1 . 2 . . . . 5 . 2 6 . . 5 . 1 2 12 8 11 7 Heavy 1 | . . . . . . . . . . . . . . . . . . . 1 . . . . . . . . . . . . . Behemoth 4 | . . . . . . . . . . . . . . . . 2 . . . . 1 . 1 . . . . . . . . . Cetus Guard 1 | . . . . . . . . . . . . . . . . . 1 . . . . . . . . . . . . . . . S7 Guard 2 | . . . . . . . . . . . . . . . . . . . . . . . . . . . . . . . . 2 Enhanced Grunt 1 | . . . . . . . . . . . . . . . . . . . 1 . . . . . . . . . . . . . Lightning 6 | . . . . . . . . . . . . . . . . . . . 6 . . . . . . . . . . . . . Alpha 7 1 | . . . . . . . . . . . . . . . . . . . . . . . . . . . . . . . 1 . Fortress 1 | . . . . . . . . . . . . . . . . . . . . . . . . . . . . . . . 1 . Protovariant L 1 | . . . . . . . . . . . . . . . . . . . . . . . . . . . . . 1 . . . Assembled 3 | . . . . 3 . . . . . . . . . . . . . . . . . . . . . . . . . . . . Thug 1 | . . . . . . . . . . . . . . . . . . 1 . . . . . . . . . . . . . . Best Kill Streak 18 | 1 5 3 4 4 . 4 18 4 3 3 4 6 . 4 4 3 1 5 14 5 7 10 4 2 14 2 8 5 6 4 5 17 Combat Bots Only 15 | . 5 3 4 4 . 3 8 4 3 3 4 6 . 4 2 3 1 1 10 2 7 5 4 2 14 2 8 2 3 4 5 15 Max Kills in Single Turn 5 | 1 2 1 1 1 . 2 3 2 3 1 2 1 . 1 2 1 1 2 3 2 2 5 2 2 3 1 4 1 2 2 2 3 Gunslinging 1 | . . . . . . . . 1 . . 1 . . . . . . . . . . . . . . . . . . . . . Exploded 4 | . . . . . . . 2 . 3 1 1 . . . 2 . . . 2 . 2 2 . 2 3 . 4 1 . 1 2 3 Melee 1 | . . . . . . . . . . 1 . . . . . . . . . . . . . . . . . . . . 1 1 Uniques/NPCs Destroyed . | . . . . . . . . . . . . . . . . . . . . . . . . . . . . . . . . . Combat | -11 -10 -10 -9 -9 -9 -8 -8 -8 -8 -8 -7 -7 -7 -7 -6 -6 -6 -6 -6 -5 -5 -5 -5 -4 -4 -4 -4 -3 -3 -2 -2 -2 -------- Run | Jun Mat Min Mat Min Exi Min Mat Gar Mat Gar Fac Gar Fac Gar Fac Ext Cet Arc Hub Fac Gar Fac Gar Fac Gar Fac Gar Res Tes Res Qua Sec Damage Taken 41843 | . 234 125 602 375 . 435 775 99 137 919 1319 1280 11 940 725 1483 26 . 4596 163 977 1302 1822 751 2152 406 1908 1766 3280 1280 6921 5034 Core 3856 | . 12 17 62 38 . 29 60 5 12 66 68 121 . 92 74 163 . . 268 19 64 80 196 61 312 100 168 47 205 56 1056 405 Absorbed by Shields 2181 | . . . . . . . 297 40 53 325 36 . . 456 . 293 26 . 439 . . . 50 . . . 166 . . . . . Reduced by Siege Mode 562 | . . . . . . . . . . . . . . . . . . . 478 . . . . . . . . . 84 . . . Redirected to Core 276 | . . . . . . . . . . . . . . . . . . . . . . . . . . . . . . . 276 . Redirected to Shielding 354 | . . . . . . . . . . . . . . . . 57 . . 106 68 123 . . . . . . . . . . . Regen/Repaired (Parts) 3986 | . . . . . . . 97 . . . 406 . 86 . . . . . . 325 209 166 . . . 312 . 155 271 65 1079 815 Core Remaining (%) 68 | 100 . 88 . . . 67 . . . 74 . . . 59 . . . . 40 . . . 64 . . . 44 . 80 . . . Volleys Fired 1732 | 5 40 11 62 47 . 20 85 6 13 60 53 45 1 43 56 21 6 30 156 17 77 69 79 45 78 9 55 49 109 77 206 102 Largest 3 | 2 2 2 2 2 . 2 2 2 2 2 2 2 1 2 2 2 2 2 2 1 2 2 2 1 3 3 3 3 3 2 3 1 Hottest 360 | 40 95 95 128 91 . 91 91 90 95 95 53 58 28 56 80 115 65 70 83 70 160 160 186 120 220 219 166 170 206 150 360 120 Shots Fired 2793 | 10 78 23 118 94 . 40 138 12 25 115 103 90 1 86 89 98 12 60 245 17 130 93 136 45 110 18 115 87 198 83 237 87 Gun 1388 | 10 48 . 31 47 . 20 83 12 24 115 101 90 1 86 71 97 12 60 212 . . 3 73 . 22 2 80 40 33 . 1 14 Cannon 1254 | . 30 23 87 47 . 20 55 . . . . . . . . . . . 32 17 127 77 63 39 55 15 29 44 153 79 200 62 Launcher 44 | . . . . . . . . . 1 . . . . . 1 . . . 1 . 3 6 . . 14 . 6 . . . 1 11 Special 107 | . . . . . . . . . . . 2 . . . 17 1 . . . . . 7 . 6 19 1 . 3 12 4 35 . Kinetic 1563 | 10 62 12 49 47 . 20 83 . . 58 101 90 1 86 67 85 12 60 244 . 53 24 43 . 52 15 106 40 123 10 1 9 Thermal 944 | . 16 11 69 47 . 20 55 . . . . . . . 4 12 . . . . 54 52 93 34 44 2 3 37 69 69 200 53 Explosive 44 | . . . . . . . . . 1 . . . . . 1 . . . 1 . 3 6 . . 14 . 6 . . . 1 11 Electromagnetic 160 | . . . . . . . . 12 24 57 . . . . . . . . . 17 20 4 . 5 . . . 7 . . . 14 Robot Hit Streak 35 | 4 8 3 11 6 . 12 11 4 7 11 10 7 1 13 11 27 5 9 35 34 19 20 9 6 14 3 9 6 11 8 27 13 Robot Miss Streak 10 | 2 3 5 3 3 . 5 6 2 3 3 8 6 . 7 10 7 4 4 3 2 2 4 8 2 4 5 4 4 4 4 7 2 Penetration Max 2 | . . . . . . . . . . 1 1 1 . . . 1 . 1 2 1 1 1 1 . 1 . . 1 1 . . . Secondary Targets 11 | . 1 . . . . . . 1 . . 3 2 . 2 . . . . . . . . . . . . 2 . . . . . Max Gunslinging Chain 1 | . 1 . . . . . . 1 . . 1 1 . 1 . . . . . . . . . . . . 1 . . . . . Capacitor 102 | . . . . . . . . . . . . . . . . . . . . . . . . 26 . . . . . . 17 59 Autonomous 60 | . . . . . . . . . . . . . . . . 60 . . . . . . . . . . . . . . . . Shots Hit Robots 1833 | 7 50 11 74 40 4 24 93 9 21 72 70 54 1 66 81 81 7 36 182 13 82 52 80 21 71 6 70 41 104 43 188 79 Core Hits 1153 | 4 23 5 34 21 . 11 53 7 11 40 74 58 . 72 88 35 3 18 102 12 44 58 41 7 81 5 52 16 50 26 44 58 Critical Kills 44 | 1 . . 1 1 . . 1 . . . . . . 1 . 3 1 5 22 . 3 1 1 . . . . . . . 2 1 Critical Parts Destroyed 26 | . . . . . . . . . . . 1 2 . 1 . 1 1 5 15 . . . . . . . . . . . . . Critical Strikes 118 | 1 1 . 2 1 . . 1 . . . 1 2 . 2 . 6 2 10 41 4 9 4 12 . 8 . 1 . 2 . 4 4 Burn 11 | . . . . . . . . . . . . . . . . . . . . . . . 9 . 2 . . . . . . . Meltdown 9 | . . . . 1 . . 1 . . . . . . . . . . . . . 3 . 1 . . . . . . . 2 1 Destroy 64 | 1 . . 1 . . . . . . . 1 2 . 2 . 6 2 10 38 . . 1 . . . . . . . . . . Blast 16 | . 1 . 1 . . . . . . . . . . . . . . . 3 . . 1 2 . 4 . 1 . 2 . . 1 Corrupt 12 | . . . . . . . . . . . . . . . . . . . . 4 6 2 . . . . . . . . . . Sever 6 | . . . . . . . . . . . . . . . . . . . . . . . . . 2 . . . . . 2 2 Melee Attacks 137 | . . . . . 4 . . . 1 . . 1 . 3 . 18 8 . . . . . . 3 . . 1 13 . . 39 46 Kinetic 2 | . . . . . . . . . . . . . . . . . . . . . . . . . . . . . . . . 2 Impact 48 | . . . . . . . . . 1 . . 1 . 3 . 18 8 . . . . . . 3 . . 1 13 . . . . Slashing 83 | . . . . . . . . . . . . . . . . . . . . . . . . . . . . . . . 39 44 Piercing . | . . . . . . . . . . . . . . . . . . . . . . . . . . . . . . . . . Sneak Attacks 35 | . . . . . 4 . . . . . . . . . . . . . . . . . . . . . . 3 . . 28 . Combat Hostiles . | . . . . . . . . . . . . . . . . . . . . . . . . . . . . . . . . . Follow-up Attacks . | . . . . . . . . . . . . . . . . . . . . . . . . . . . . . . . . . Damage Inflicted 68296 | 63 633 213 1371 830 . 534 2119 113 535 1652 1292 881 34 1289 1343 2313 204 992 4782 965 3829 3933 2838 984 4878 179 2678 1735 4302 2665 10662 7455 Guns 19674 | 59 282 . 260 300 . 211 1018 113 424 1395 1207 881 16 1283 1094 2233 204 992 3340 . . 78 1456 . 646 28 1079 406 543 . . 126 Cannons 28799 | . 340 205 1027 514 . 315 751 . . . . . . . . . . . 920 965 3295 2113 1382 780 1210 151 441 755 3678 2309 5569 2079 Explosions 12240 | . . . . . . . 243 . 110 255 85 . . . 155 . . . 501 . 534 1643 . 204 2722 . 1158 231 . 322 426 3651 Melee 6609 | . . . . . . . . . . . . . . . . . . . . . . . . . . . . 343 . . 4667 1599 Ramming 625 | 4 11 8 84 16 . 8 107 . 1 2 . . 18 6 94 80 . . 21 . . 99 . . . . . . 32 34 . . Kinetic 23730 | 59 392 97 453 300 . 211 1018 . . 594 1207 881 16 1283 999 2041 204 992 4260 . 821 480 905 . 1167 151 1439 406 2737 260 . 357 Thermal 21947 | . 230 108 834 514 . 315 751 . 21 255 85 . . . 95 192 . . . . 1668 1347 1933 803 989 28 81 768 1533 2049 5569 1779 Explosive 11216 | . . . . . . . 243 . 89 . . . . . 155 . . . 329 . 478 1643 . . 2722 . 1158 . . 322 426 3651 Electromagnetic 4226 | . . . . . . . . 113 424 801 . . . . . . . . 172 965 862 364 . 181 . . . 218 . . . 126 Impact 343 | . . . . . . . . . . . . . . . . . . . . . . . . . . . . 343 . . . . Slashing 6209 | . . . . . . . . . . . . . . . . . . . . . . . . . . . . . . . 4667 1542 Piercing . | . . . . . . . . . . . . . . . . . . . . . . . . . . . . . . . . . Highest Corruption 72 | . 2 2 . . . . . . . . 2 3 3 4 4 2 2 8 26 . 4 9 4 . 12 12 15 5 18 5 46 72 Average Corruption 10 | . 2 2 . . . . . . . . 1 2 2 3 2 2 2 2 23 . 4 4 4 . 9 12 12 3 10 2 27 57 Corruption Purged 24 | . . . . . . . . . . . . . 3 . 2 . . 10 . . . 9 . . . . . . . . . . Corruption Blocked . | . . . . . . . . . . . . . . . . . . . . . . . . . . . . . . . . . Effects 582 | . 5 6 . . . . . . . . 3 38 5 8 19 18 6 7 25 . 12 26 33 . 36 12 42 9 71 10 113 78 Message Errors 140 | . 1 1 . . . . . . . . . 7 2 4 10 4 1 2 9 . 4 9 8 . 8 5 13 1 15 2 23 11 Matter Fused 124 | . . 3 . . . . . . . . 1 11 1 . 4 3 . 3 7 . 2 6 6 . 12 . 8 2 15 2 25 13 Heat Flow Errors 56 | . 1 . . . . . . . . . . 4 . 1 2 3 1 1 . . . 1 3 . 3 3 6 2 9 . 12 4 Energy Discharges 61 | . 1 . . . . . . . . . 1 5 1 2 2 3 . 1 . . 3 4 5 . 6 . 5 1 8 2 6 5 Parts Rejected 6 | . . . . . . . . . . . . . . . . 1 . . . . . . . . . . . . 1 . 1 3 Parts Fused 3 | . . . . . . . . . . . . . . . . . . . . . 1 . . . . . 1 . 1 . . . Data Loss (minor) 66 | . 1 1 . . . . . . . . . 5 1 . . 2 3 . 1 . 1 3 5 . 3 2 4 1 8 1 15 9 Data Loss (major) 17 | . . . . . . . . . . . . 1 . . . . 1 . 1 . . . . . 2 . 1 2 1 1 4 3 Misfires 32 | . . 1 . . . . . . . . . 3 . 1 . 2 . . 4 . 1 2 . . 1 . . . 5 . 8 4 Alerts 14 | . 1 . . . . . . . . . . 2 . . . . . . 1 . . . 2 . . 1 . . 2 2 . 3 Misdirections 9 | . . . . . . . . . . . . . . . . . . . . . . . . . . . 1 . . . 4 4 Weapon Failures 54 | . . . . . . . . . . . 1 . . . 1 . . . 2 . . 1 4 . 1 1 3 . 6 . 15 19 Overload Shots 1 | . . . . . . . . . . . . . . . . . . . . . . . . . . . . . . 1 . . Overflow Damage 1889 | . . 20 . 15 . 3 18 . . . 77 . . . 10 . . . 15 53 9 136 2 26 190 . 7 208 67 126 343 564 Projectiles 863 | . . 20 . 15 . 3 . . . . . . . . . . . . 7 53 . 94 2 26 113 . 5 2 67 77 287 92 Explosions 413 | . . . . . . . 8 . . . 77 . . . . . . . 8 . 9 . . . 77 . 2 18 . 49 32 133 Melee 613 | . . . . . . . 10 . . . . . . . 10 . . . . . . 42 . . . . . 188 . . 24 339 Knockbacks 81 | . 3 3 3 . . . . . . . . . . . . 2 . . 5 . 6 7 15 . 3 . 4 3 26 . . 1 Impact 8 | . 1 . 2 . . . . . . . . . . . . 2 . . . . . 1 . . . . . 2 . . . . Kinetic 61 | . 1 2 1 . . . . . . . . . . . . . . . 4 . 6 5 10 . 3 . 4 . 24 . . 1 Secondary 12 | . 1 1 . . . . . . . . . . . . . . . . 1 . . 1 5 . . . . 1 2 . . . Self-Inflicted Damage 702 | . . . . . . . 68 . 6 49 95 . . . . . . . 140 . . 57 . 65 47 . . 80 . 95 . . Shots 12 | . . . . . . . 1 . 1 1 1 . . . . . . . 2 . . 2 . 1 1 . . 1 . 1 . . Rammed 23 | 2 2 1 7 2 . 1 6 . 1 . . . . . . . . . 1 . . . . . . . . . . . . . Targets Rammed 52 | 2 2 1 9 2 . 1 8 . 1 1 . . 1 1 8 5 . . 3 . . 4 . . . . . . 2 1 . . Kicked 22 | . . . . . . . . . . . . . 1 1 8 5 . . 1 . . 4 . . . . . . 1 1 . . Crushed 7 | . . . 2 . . . 2 . . 1 . . . . . . . . 1 . . . . . . . . . 1 . . . Highest Temperature 854 | . 150 1 16 16 . 7 8 . 10 129 67 248 . 148 246 240 98 198 69 214 153 440 411 150 239 429 314 284 507 250 359 854 Average Temperature 92 | . 43 1 4 5 . 7 6 . 10 39 10 97 . 20 57 70 22 103 18 67 56 98 128 65 75 208 134 95 122 72 98 179 Received Heat Transfer 6015 | . 114 9 198 171 . 180 283 . 38 268 243 216 . 247 183 390 . . 562 27 348 228 409 21 81 . 302 18 831 81 36 531 Effects 29 | . . . . . . . . . . . . . . . . . . . . 2 . 4 4 . . 3 3 . 4 . 1 8 Shutdowns 9 | . . . . . . . . . . . . . . . . . . . . . . 1 1 . . 3 . . 1 . 1 2 Energy Bleed 4 | . . . . . . . . . . . . . . . . . . . . . . 1 1 . . . . . 1 . . 1 Interference 7 | . . . . . . . . . . . . . . . . . . . . 2 . . 2 . . . 3 . . . . . Matter Decay 1 | . . . . . . . . . . . . . . . . . . . . . . 1 . . . . . . . . . . Short Circuit 3 | . . . . . . . . . . . . . . . . . . . . . . 1 . . . . . . 2 . . . Damage (major) 4 | . . . . . . . . . . . . . . . . . . . . . . . . . . . . . . . . 4 Damage (core) 1 | . . . . . . . . . . . . . . . . . . . . . . . . . . . . . . . . 1 Siege Activations 10 | . . . . . . . . . . . . . . . . . . 1 8 . . . . . . . . . 1 . . . Total Turns 418 | . . . . . . . . . . . . . . . . . . 35 354 . . . . . . . . . 29 . . . Longest Duration 113 | . . . . . . . . . . . . . . . . . . 35 113 . . . . . . . . . 29 . . . Robots Corrupted 14 | . . . . . . . . . 2 2 . . . . . . . . . 2 5 1 . . . . . 1 . . . 1 Combat Hostiles 12 | . . . . . . . . . 1 2 . . . . . . . . . 1 5 1 . . . . . 1 . . . 1 Parts Fried 47 | . . . . . . . . 1 7 6 . . . . . . . . 2 14 8 3 . . . . . 5 . . . 1 Impact Corruptions 14 | . . . . . . . 1 . . . . . . . 2 . . . . . . 3 1 . . . . 7 . . . . Robots Melted 10 | . . . . 1 . . 1 . . . . . . . . . . . . . 3 . 2 . . . . . . . 2 1 Combat Hostiles 8 | . . . . 1 . . . . . . . . . . . . . . . . 3 . 1 . . . . . . . 2 1 Parts Melted 45 | . . . 3 2 . 1 3 . . . . . . . . 1 . . . . 6 . 10 1 3 . . . . 1 7 7 Heat Transferred 23128 | . 481 222 1628 925 . 555 1332 . 50 250 50 . . . 148 296 . . . . 1456 1073 3819 618 1600 50 150 100 740 1369 4810 1406 Parts Sabotaged . | . . . . . . . . . . . . . . . . . . . . . . . . . . . . . . . . . Parts Stolen . | . . . . . . . . . . . . . . . . . . . . . . . . . . . . . . . . . Parts Stripped . | . . . . . . . . . . . . . . . . . . . . . . . . . . . . . . . . . Power Chain Reactions 6 | . . . . . . . . . 1 3 . . . . . . . . . . 1 . . . . . . 1 . . . . Missiles Intercepted . | . . . . . . . . . . . . . . . . . . . . . . . . . . . . . . . . . Alert | -11 -10 -10 -9 -9 -9 -8 -8 -8 -8 -8 -7 -7 -7 -7 -6 -6 -6 -6 -6 -5 -5 -5 -5 -4 -4 -4 -4 -3 -3 -2 -2 -2 ------- Run | Jun Mat Min Mat Min Exi Min Mat Gar Mat Gar Fac Gar Fac Gar Fac Ext Cet Arc Hub Fac Gar Fac Gar Fac Gar Fac Gar Res Tes Res Qua Sec Peak Influence 1207 | 10 272 148 295 288 . 145 394 203 177 1000 615 1076 732 744 415 234 452 360 797 457 1109 826 1207 701 1079 608 857 511 215 348 351 666 Initial 633 | . 6 58 57 53 . . . 57 98 14 525 430 564 512 390 14 84 180 3 270 319 581 578 633 470 566 396 481 59 78 138 47 Average 352 | 3 108 123 86 156 . 53 160 148 72 465 497 719 670 632 138 90 246 187 453 361 705 473 864 621 845 573 744 203 125 161 148 275 Maximum Alert Level 4 | . 1 . 1 1 . . 1 1 . 3 2 3 3 3 2 1 2 1 3 2 4 3 4 3 3 2 3 2 1 1 1 2 Low Security (%) 46 | 100 85 100 94 70 . 100 64 82 100 28 . . . . 78 83 60 63 20 . . . . . . . . 60 95 71 72 52 Level 1 13 | . 14 . 5 29 . . 35 17 . 28 21 . . . 15 16 8 36 12 65 10 14 . . . . 2 15 4 28 27 19 Level 2 23 | . . . . . . . . . . 6 78 57 59 73 5 . 31 . 54 34 36 78 12 91 28 100 22 24 . . . 28 Level 3 16 | . . . . . . . . . . 37 . 42 40 26 . . . . 12 . 50 6 79 8 71 . 75 . . . . . Level 4 . | . . . . . . . . . . . . . . . . . . . . . 2 . 8 . . . . . . . . . Level 5 . | . . . . . . . . . . . . . . . . . . . . . . . . . . . . . . . . . High Security . | . . . . . . . . . . . . . . . . . . . . . . . . . . . . . . . . . Max Security . | . . . . . . . . . . . . . . . . . . . . . . . . . . . . . . . . . Squads Dispatched 77 | . 3 . 2 . . . 2 . 1 . 8 . 1 . 5 . . . 13 1 . 6 . 3 . . . 5 8 4 6 9 Investigation 14 | . 1 . 1 . . . 1 . 1 . 4 . 1 . 1 . . . . 1 . 1 . . . . . . . 1 1 . Extermination 28 | . . . . . . . . . . . 2 . . . 1 . . . 4 . . 2 . 1 . . . 2 5 3 5 3 Reinforcement 28 | . 2 . 1 . . . 1 . . . . . . . 3 . . . 8 . . 1 . 2 . . . 3 3 . . 4 Assault 5 | . . . . . . . . . . . . . . . . . . . 1 . . 2 . . . . . . . . . 2 Garrison 2 | . . . . . . . . . . . 2 . . . . . . . . . . . . . . . . . . . . . Intercept . | . . . . . . . . . . . . . . . . . . . . . . . . . . . . . . . . . Searches Triggered . | . . . . . . . . . . . . . . . . . . . . . . . . . . . . . . . . . Construction Impeded 5 | . . . . . . . . . . . . . . . . . . . 1 . . . . . . . . 2 1 . . 1 Haulers Reinforced 4 | . . . . . . . . . . . . . . . 1 . . . 1 . . . . . . . . . . . . 2 Active Scanning Responses . | . . . . . . . . . . . . . . . . . . . . . . . . . . . . . . . . . Cargo Convoy Interrupts 1 | . . . . . . . . . . . . . . . . . . . . . . 1 . . . . . . . . . . Stealth | -11 -10 -10 -9 -9 -9 -8 -8 -8 -8 -8 -7 -7 -7 -7 -6 -6 -6 -6 -6 -5 -5 -5 -5 -4 -4 -4 -4 -3 -3 -2 -2 -2 --------- Run | Jun Mat Min Mat Min Exi Min Mat Gar Mat Gar Fac Gar Fac Gar Fac Ext Cet Arc Hub Fac Gar Fac Gar Fac Gar Fac Gar Res Tes Res Qua Sec Distress Signals 20 | . 1 . 3 2 . . 4 . . . . . . . . 2 . . 3 1 . 1 . . . . . 1 . 1 . 1 Communications Jammed 192 | . . . . . . . . . . . . . 1 . 1 134 . . 43 . . 8 . . . . . . . . . 5 Distress Signals 192 | . . . . . . . . . . . . . 1 . 1 134 . . 43 . . 8 . . . . . . . . . 5 Times Spotted 709 | . 17 4 38 17 . 6 33 5 8 29 22 24 4 14 29 29 13 18 65 10 30 37 21 17 29 4 20 18 33 32 40 43 Peak Tracking Total 9 | . 5 3 6 3 . 3 7 4 3 4 4 6 1 4 6 4 5 1 6 2 6 6 4 6 9 2 6 5 4 7 5 6 Tactical Retreats 21 | . . . . . . . . . . 2 . 2 . . 1 . . . 7 . 1 1 . 2 1 . . . 2 1 1 . Traps | -11 -10 -10 -9 -9 -9 -8 -8 -8 -8 -8 -7 -7 -7 -7 -6 -6 -6 -6 -6 -5 -5 -5 -5 -4 -4 -4 -4 -3 -3 -2 -2 -2 ------- Run | Jun Mat Min Mat Min Exi Min Mat Gar Mat Gar Fac Gar Fac Gar Fac Ext Cet Arc Hub Fac Gar Fac Gar Fac Gar Fac Gar Res Tes Res Qua Sec Traps Triggered 77 | . 1 . . . . . 1 . . 14 1 12 . 4 2 4 . . 5 . 2 4 8 1 9 . 6 . . 1 1 1 Indirectly 4 | . . . . . . . . . . . . . . . . . . . 4 . . . . . . . . . . . . . Trap Hack Attempts . | . . . . . . . . . . . . . . . . . . . . . . . . . . . . . . . . . Triggered . | . . . . . . . . . . . . . . . . . . . . . . . . . . . . . . . . . Disarmed . | . . . . . . . . . . . . . . . . . . . . . . . . . . . . . . . . . Reprogrammed . | . . . . . . . . . . . . . . . . . . . . . . . . . . . . . . . . . Reused . | . . . . . . . . . . . . . . . . . . . . . . . . . . . . . . . . . Traps Extracted . | . . . . . . . . . . . . . . . . . . . . . . . . . . . . . . . . . Installed . | . . . . . . . . . . . . . . . . . . . . . . . . . . . . . . . . . Triggered . | . . . . . . . . . . . . . . . . . . . . . . . . . . . . . . . . . Machines | -11 -10 -10 -9 -9 -9 -8 -8 -8 -8 -8 -7 -7 -7 -7 -6 -6 -6 -6 -6 -5 -5 -5 -5 -4 -4 -4 -4 -3 -3 -2 -2 -2 ---------- Run | Jun Mat Min Mat Min Exi Min Mat Gar Mat Gar Fac Gar Fac Gar Fac Ext Cet Arc Hub Fac Gar Fac Gar Fac Gar Fac Gar Res Tes Res Qua Sec Machines Disabled 94 | . . . 1 1 . . 1 . . 2 2 4 3 1 2 3 2 3 6 1 5 11 6 2 4 . 5 1 9 2 13 4 Max in Single Turn 4 | . . . 1 1 . . 1 . . 1 2 1 . 1 . 1 . 1 4 1 1 2 1 2 1 . 2 1 1 1 1 1 Garrison Access 4 | . . . . . . . . . . . . . . . 1 . . . . . . 1 . . . . . 1 . . . 1 Garrison Relay 16 | . . . . . . . . . . 2 . 5 . 1 . . . . . . 2 . 3 . 2 . 1 . . . . . Network Hub 2 | . . . . . . . . . . . . . . . . . . . 2 . . . . . . . . . . . . . Machines Repaired . | . . . . . . . . . . . . . . . . . . . . . . . . . . . . . . . . . Machines Sabotaged . | . . . . . . . . . . . . . . . . . . . . . . . . . . . . . . . . . Overloaded Fab Kills . | . . . . . . . . . . . . . . . . . . . . . . . . . . . . . . . . . Hacking | -11 -10 -10 -9 -9 -9 -8 -8 -8 -8 -8 -7 -7 -7 -7 -6 -6 -6 -6 -6 -5 -5 -5 -5 -4 -4 -4 -4 -3 -3 -2 -2 -2 --------- Run | Jun Mat Min Mat Min Exi Min Mat Gar Mat Gar Fac Gar Fac Gar Fac Ext Cet Arc Hub Fac Gar Fac Gar Fac Gar Fac Gar Res Tes Res Qua Sec Machines Accessed 101 | . 3 . 8 . 1 . 8 2 7 3 6 1 5 . 4 7 1 . 4 4 1 6 2 2 1 2 1 6 8 2 5 1 Terminals 69 | . 2 . 7 . . . 6 2 5 3 2 1 2 . 3 7 1 . 4 1 1 2 2 . 1 1 1 3 6 1 4 1 Fabricators 7 | . . . . . . . . . . . 3 . . . . . . . . 2 . 2 . . . . . . . . . . Repair Stations 7 | . . . . . . . 1 . 1 . . . 1 . . . . . . . . . . 1 . . . . 2 . 1 . Recycling Units 2 | . 1 . . . . . . . . . . . . . . . . . . . . . . . . . . . . 1 . . Scanalyzers 5 | . . . 1 . . . . . . . . . 1 . . . . . . . . 1 . . . . . 2 . . . . Garrison Access 10 | . . . . . . . 1 . 1 . 1 . 1 . 1 . . . . 1 . 1 . 1 . 1 . 1 . . . . Total Hacks 313 | . 9 . 26 . 1 . 19 5 16 5 15 2 9 . 16 14 2 . 11 10 3 38 6 6 2 6 10 12 33 8 25 4 Successful 147 | . 4 . 11 . 1 . 10 2 6 1 9 1 5 . 9 9 . . 5 8 1 24 3 3 1 3 3 8 13 1 6 . Failed 166 | . 5 . 15 . . . 9 3 10 4 6 1 4 . 7 5 2 . 6 2 2 14 3 3 1 3 7 4 20 7 19 4 Catastrophic 35 | . 1 . 2 . . . 2 . . 2 1 . . . 1 . 1 . 3 . 1 3 . . . . 1 2 6 3 6 . Database Lockouts . | . . . . . . . . . . . . . . . . . . . . . . . . . . . . . . . . . Manual 139 | . 7 . 20 . 1 . 11 2 10 . 5 . . . 10 6 1 . 7 4 . 10 1 3 . . 7 2 22 . 6 4 Terminals 215 | . 8 . 22 . . . 14 5 13 5 4 2 3 . 15 14 2 . 11 1 3 10 6 . 2 5 10 9 29 4 14 4 Fabricators 28 | . . . . . . . . . . . 10 . . . . . . . . 8 . 10 . . . . . . . . . . Repair Stations 27 | . . . . . . . 3 . 2 . . . 2 . . . . . . . . . . 5 . . . . 4 . 11 . Recycling Units 5 | . 1 . . . . . . . . . . . . . . . . . . . . . . . . . . . . 4 . . Scanalyzers 26 | . . . 4 . . . . . . . . . 3 . . . . . . . . 17 . . . . . 2 . . . . Garrison Access 11 | . . . . . . . 2 . 1 . 1 . 1 . 1 . . . . 1 . 1 . 1 . 1 . 1 . . . . Terminal Hacks 62 | . 2 . 8 . 1 . 5 2 2 1 1 1 1 . 7 8 . . 3 . 1 1 2 . 1 2 1 4 5 . 3 . Part Schematic 5 | . . . 4 . . . . . 1 . . . . . . . . . . . . . . . . . . . . . . . Robot Schematic 1 | . . . 1 . . . . . . . . . . . . . . . . . . . . . . . . . . . . . Robot Analysis 4 | . 1 . . . . . 1 . 1 . . . . . 1 . . . . . . . . . . . . . . . . . Prototype ID Bank 13 | . 1 . 1 . . . 1 . . . 1 . . . 4 1 . . 1 . . . . . . 1 . . 2 . . . Open Door 5 | . . . . . . . . . . 1 . . . . . 3 . . . . . . . . . . . . . . 1 . Branch Access Points 3 | . . . . . . . . . . . . . 1 . 1 . . . . . . . . . . . . 1 . . . . Emergency Access Points 6 | . . . . . . . . 1 . . . 1 . . . . . . . . 1 . 1 . 1 . 1 . . . . . Machine Index 1 | . . . . . . . . . . . . . . . . . . . . . . . . . . 1 . . . . . . Terminal Index 1 | . . . . . . . . . . . . . . . . . . . . . . . . . . . . 1 . . . . Alert Level 1 | . . . . . . . 1 . . . . . . . . . . . . . . . . . . . . . . . . . Unreport Threat 11 | . . . 1 . . . 1 . . . . . . . 1 1 . . 2 . . 1 . . . . . 2 . . 2 . Locate Traps 4 | . . . . . . . . . . . . . . . . 3 . . . . . . . . . . . . 1 . . . Hauler Manifests 2 | . . . 1 . . . 1 . . . . . . . . . . . . . . . . . . . . . . . . . Zone Layout 2 | . . . . . . . . . . . . . . . . . . . . . . . . . . . . . 2 . . . Patrol Navigation 2 | . . . . . . . . 1 . . . . . . . . . . . . . . 1 . . . . . . . . . EX-Prototype ID Bank 1 | . . . . . 1 . . . . . . . . . . . . . . . . . . . . . . . . . . . Fabricator Hacks 13 | . . . . . . . . . . . 5 . . . . . . . . 5 . 3 . . . . . . . . . . Network Status 2 | . . . . . . . . . . . 1 . . . . . . . . 1 . . . . . . . . . . . . Load Schematic 8 | . . . . . . . . . . . 3 . . . . . . . . 3 . 2 . . . . . . . . . . Build 3 | . . . . . . . . . . . 1 . . . . . . . . 1 . 1 . . . . . . . . . . Repair Station Hacks 10 | . . . . . . . 2 . 1 . . . 2 . . . . . . . . . . 1 . . . . 1 . 3 . Scan Component 7 | . . . . . . . 1 . 1 . . . 1 . . . . . . . . . . 1 . . . . 1 . 2 . Repair 3 | . . . . . . . 1 . . . . . 1 . . . . . . . . . . . . . . . . . 1 . Recycling Unit Hacks 1 | . . . . . . . . . . . . . . . . . . . . . . . . . . . . . . 1 . . Retrieve Components 1 | . . . . . . . . . . . . . . . . . . . . . . . . . . . . . . 1 . . Scanalyzer 17 | . . . 1 . . . . . . . . . 1 . . . . . . . . 13 . . . . . 2 . . . . Insert Component 7 | . . . 1 . . . . . . . . . 1 . . . . . . . . 3 . . . . . 2 . . . . Analyze 10 | . . . . . . . . . . . . . . . . . . . . . . 10 . . . . . . . . . . Garrison Access Hacks 10 | . . . . . . . 1 . 1 . 1 . 1 . 1 . . . . 1 . 1 . 1 . 1 . 1 . . . . Unlock Access 8 | . . . . . . . 1 . 1 . 1 . 1 . . . . . . 1 . 1 . 1 . 1 . . . . . . Seal Access 2 | . . . . . . . . . . . . . . . 1 . . . . . . . . . . . . 1 . . . . Unauthorized Hacks 34 | . 2 . 2 . . . 2 . 2 . 2 . . . 1 1 . . 2 2 . 6 1 1 . . 2 1 7 . . . Terminals 24 | . 1 . 2 . . . 2 . 2 . . . . . 1 1 . . 2 . . 2 1 . . . 2 1 7 . . . Track 3 | . . . . . . . . . 1 . . . . . . . . . . . . . . . . . 1 . 1 . . . Botnet 15 | . 1 . 1 . . . 1 . 1 . . . . . 1 1 . . 2 . . 1 1 . . . 1 1 3 . . . Disrupt 1 | . . . . . . . . . . . . . . . . . . . . . . . . . . . . . 1 . . . Operators 4 | . . . 1 . . . . . . . . . . . . . . . . . . 1 . . . . . . 2 . . . Search 1 | . . . . . . . 1 . . . . . . . . . . . . . . . . . . . . . . . . . Fabricators 8 | . . . . . . . . . . . 2 . . . . . . . . 2 . 4 . . . . . . . . . . Report 1 | . . . . . . . . . . . . . . . . . . . . . . 1 . . . . . . . . . . Prioritize 1 | . . . . . . . . . . . . . . . . . . . . 1 . . . . . . . . . . . . Liberate 2 | . . . . . . . . . . . . . . . . . . . . . . 2 . . . . . . . . . . Haulers 1 | . . . . . . . . . . . . . . . . . . . . . . 1 . . . . . . . . . . Recompile 3 | . . . . . . . . . . . 2 . . . . . . . . 1 . . . . . . . . . . . . Repair Stations 1 | . . . . . . . . . . . . . . . . . . . . . . . . 1 . . . . . . . . Mechanics 1 | . . . . . . . . . . . . . . . . . . . . . . . . 1 . . . . . . . . Recycling Units 1 | . 1 . . . . . . . . . . . . . . . . . . . . . . . . . . . . . . . Tunnel 1 | . 1 . . . . . . . . . . . . . . . . . . . . . . . . . . . . . . . Scanalyzers . | . . . . . . . . . . . . . . . . . . . . . . . . . . . . . . . . . Garrison Access . | . . . . . . . . . . . . . . . . . . . . . . . . . . . . . . . . . Data Cores Recovered . | . . . . . . . . . . . . . . . . . . . . . . . . . . . . . . . . . Used . | . . . . . . . . . . . . . . . . . . . . . . . . . . . . . . . . . Hacking Detections 72 | . 2 . 7 . . . 5 2 6 2 4 1 2 . 3 4 1 . 4 1 1 4 1 2 . 1 1 4 8 1 4 1 Full Trace Events 12 | . . . 2 . . . . . 1 2 2 . 1 . 1 . . . . . . 1 . . . . . . . 1 1 . Feedback Events . | . . . . . . . . . . . . . . . . . . . . . . . . . . . . . . . . . Feedback Blocked . | . . . . . . . . . . . . . . . . . . . . . . . . . . . . . . . . . Robot Schematics Acquired 1 | . . . 1 . . . . . . . . . . . . . . . . . . . . . . . . . . . . . Robots Built 3 | . . . . . . . . . . . 1 . . . . . . . . 1 . 1 . . . . . . . . . . Authchips 3 | . . . . . . . . . . . 1 . . . . . . . . 1 . 1 . . . . . . . . . . Time 161 | . . . . . . . . . . . 40 . . . . . . . . 81 . 40 . . . . . . . . . . Total Robot Build Rating 3 | . . . . . . . . . . . 1 . . . . . . . . 1 . 1 . . . . . . . . . . Part Schematics Acquired 6 | . . . 3 . . . . . 1 . . . . . . . . . . . . 2 . . . . . . . . . . Parts Built . | . . . . . . . . . . . . . . . . . . . . . . . . . . . . . . . . . Authchips . | . . . . . . . . . . . . . . . . . . . . . . . . . . . . . . . . . Time . | . . . . . . . . . . . . . . . . . . . . . . . . . . . . . . . . . Total Part Build Rating . | . . . . . . . . . . . . . . . . . . . . . . . . . . . . . . . . . Parts Repaired 3 | . . . . . . . 1 . . . . . 1 . . . . . . . . . . . . . . . . . 1 . Time 127 | . . . . . . . 32 . . . . . 44 . . . . . . . . . . . . . . . . . 51 . Parts Recycled . | . . . . . . . . . . . . . . . . . . . . . . . . . . . . . . . . . Recycled Matter . | . . . . . . . . . . . . . . . . . . . . . . . . . . . . . . . . . Retrieved Matter . | . . . . . . . . . . . . . . . . . . . . . . . . . . . . . . . . . Retrieved Components 2 | . . . . . . . . . . . . . . . . . . . . . . . . . . . . . . 2 . . Parts Scanalyzed 3 | . . . 1 . . . . . . . . . . . . . . . . . . 2 . . . . . . . . . . Part Schematics Acquired 2 | . . . . . . . . . . . . . . . . . . . . . . 2 . . . . . . . . . . Parts Damaged . | . . . . . . . . . . . . . . . . . . . . . . . . . . . . . . . . . Bothacking | -11 -10 -10 -9 -9 -9 -8 -8 -8 -8 -8 -7 -7 -7 -7 -6 -6 -6 -6 -6 -5 -5 -5 -5 -4 -4 -4 -4 -3 -3 -2 -2 -2 ------------ Run | Jun Mat Min Mat Min Exi Min Mat Gar Mat Gar Fac Gar Fac Gar Fac Ext Cet Arc Hub Fac Gar Fac Gar Fac Gar Fac Gar Res Tes Res Qua Sec Used RIF Installer 8 | . . . . . . . . 1 . 1 . 1 . 1 . . . . . . 1 . 1 . 1 . 1 . . . . . Code Merge 1 | . . . . . . . . . . . . . . . . . . . . . . . . . 1 . . . . . . . Command Fork 1 | . . . . . . . . . . . . . . . . . . . . . . . . . . . 1 . . . . . Threat Obfuscator 1 | . . . . . . . . . . 1 . . . . . . . . . . . . . . . . . . . . . . Watcher Feeds 1 | . . . . . . . . . . . . 1 . . . . . . . . . . . . . . . . . . . . Patrol Navigation 1 | . . . . . . . . . . . . . . . . . . . . . . . 1 . . . . . . . . . Program Shield 1 | . . . . . . . . . . . . . . . . . . . . . 1 . . . . . . . . . . . Autoassimilate 1 | . . . . . . . . . . . . . . 1 . . . . . . . . . . . . . . . . . . Robots Hacked 44 | . . . . . 4 . . . . . 1 . . . 13 1 . . . . . 7 . 3 . 1 1 1 7 1 4 . Non-combat 15 | . . . . . 3 . . . . . . . . . 3 . . . . . . 4 . . . 1 . 1 1 1 1 . Combat 29 | . . . . . 1 . . . . . 1 . . . 10 1 . . . . . 3 . 3 . . 1 . 6 . 3 . Autoassimilated 10 | . . . . . . . . . . . . . . . 4 . . . . . . 1 . . . . 1 . 3 . 1 . Robot Hacks Applied 41 | . . . . . 4 . . . . . 2 . . . 11 1 . . . . . 7 . 4 . 1 . 1 5 1 4 . parse_system 4 | . . . . . 4 . . . . . . . . . . . . . . . . . . . . . . . . . . . drop_inventory 3 | . . . . . . . . . . . . . . . 1 . . . . . . 2 . . . . . . . . . . purge_threat 3 | . . . . . . . . . . . . . . . 2 . . . . . . 1 . . . . . . . . . . find_terminals 1 | . . . . . . . . . . . . . . . 1 . . . . . . . . . . . . . . . . . block_reporting 1 | . . . . . . . . . . . . . . . . . . . . . . . . . . . . . . . 1 . summon_haulers 1 | . . . . . . . . . . . . . . . 1 . . . . . . . . . . . . . . . . . mark_security 1 | . . . . . . . . . . . . . . . . . . . . . . 1 . . . . . . . . . . disable_scanner 1 | . . . . . . . . . . . . . . . . . . . . . . . . . . . . . 1 . . . find_garrison 3 | . . . . . . . . . . . 1 . . . . . . . . . . 1 . 1 . . . . . . . . show_paths 1 | . . . . . . . . . . . . . . . . . . . . . . 1 . . . . . . . . . . reboot_propulsion 2 | . . . . . . . . . . . . . . . . . . . . . . . . . . . . . 2 . . . link_complan 1 | . . . . . . . . . . . . . . . 1 . . . . . . . . . . . . . . . . . amplify_resonance 2 | . . . . . . . . . . . . . . . 1 . . . . . . . . 1 . . . . . . . . disable_weapons 5 | . . . . . . . . . . . 1 . . . 1 1 . . . . . . . . . . . . . . 2 . overwrite_iff 3 | . . . . . . . . . . . . . . . 1 . . . . . . . . 2 . . . . . . . . streamctrl_high 1 | . . . . . . . . . . . . . . . . . . . . . . . . . . . . . . . 1 . formatsys_low 4 | . . . . . . . . . . . . . . . . . . . . . . . . . . 1 . 1 1 1 . . formatsys_high 4 | . . . . . . . . . . . . . . . 2 . . . . . . 1 . . . . . . 1 . . . Relay Couplers Released 75 | . . . . . . . . . . 10 . 18 . 8 . . . . . . 8 1 11 . 12 . 6 . . . . 1 Machine Destruction 65 | . . . . . . . . . . 10 . 18 . 5 . . . . . . 8 1 11 . 8 . 3 . . . . 1 Programmers 10 | . . . . . . . . . . . . . . 3 . . . . . . . . . . 4 . 3 . . . . . Attached 15 | . . . . . . . . . . . 1 . . . 4 . . . . . 2 1 1 1 1 . 1 . 1 . 2 . Merged Code Value 44 | . . . . . . . . . . . . . . . . . . . . . . . . . 16 . 28 . . . . . Fabnet Peak Effective % . | . . . . . . . . . . . . . . . . . . . . . . . . . . . . . . . . . Robots Rewired 24 | . . . . . . . . . . 4 . . . . . 17 . . . . . . . . 3 . . . . . . . Allies Hacked . | . . . . . . . . . . . . . . . . . . . . . . . . . . . . . . . . . Hacks Repelled . | . . . . . . . . . . . . . . . . . . . . . . . . . . . . . . . . . Allies | -11 -10 -10 -9 -9 -9 -8 -8 -8 -8 -8 -7 -7 -7 -7 -6 -6 -6 -6 -6 -5 -5 -5 -5 -4 -4 -4 -4 -3 -3 -2 -2 -2 -------- Run | Jun Mat Min Mat Min Exi Min Mat Gar Mat Gar Fac Gar Fac Gar Fac Ext Cet Arc Hub Fac Gar Fac Gar Fac Gar Fac Gar Res Tes Res Qua Sec Total Allies 69 | . . . . . . . . . . 6 1 2 . . 7 24 3 . . 1 . 5 2 2 5 1 1 1 5 1 2 . Largest Group 12 | . . . . . . . . . . 5 1 2 2 2 2 12 12 10 5 1 1 2 2 2 3 5 1 1 1 1 1 . Highest-Rated Group 668 | . . . . . . . . . . 127 14 142 138 135 64 480 668 591 291 14 14 98 157 157 175 149 47 36 99 14 343 . Highest-Rated Ally 343 | . . . . . . . . . . 39 14 80 80 80 32 159 159 136 96 14 14 49 95 95 95 90 47 36 99 14 343 . Total Orders 21 | . . . . . . . . . . . 1 . . . . 2 1 3 . 1 4 3 . . . 1 . 1 2 1 1 . STAY 8 | . . . . . . . . . . . . . . . . 1 . 2 . . 2 1 . . . . . . 1 . 1 . FOLLOW 3 | . . . . . . . . . . . . . . . . 1 . 1 . . . 1 . . . . . . . . . . GUARD 1 | . . . . . . . . . . . . . . . . . 1 . . . . . . . . . . . . . . . AID 9 | . . . . . . . . . . . 1 . . . . . . . . 1 2 1 . . . 1 . 1 1 1 . . Ally Attacks 445 | . . . . . . . . . . 58 . 23 17 3 52 114 70 14 30 . . 18 . 11 11 14 . . 10 . . . Total Damage 10604 | . . . . . . . . . . 960 . 848 438 159 785 2427 1621 416 993 . . 452 . 503 615 102 . . 285 . . . Kills 77 | . . . . . . . . . . 13 . 11 3 . 6 18 12 3 5 . . 1 . 2 2 . . . 1 . . . Allies Corrupted 1 | . . . . . . . . . . . . . . . . . . . . . . 1 . . . . . . . . . . Allies Melted 2 | . . . . . . . . . . . . . . . . . . . 1 . . . . . . . . . 1 . . . Intel | -11 -10 -10 -9 -9 -9 -8 -8 -8 -8 -8 -7 -7 -7 -7 -6 -6 -6 -6 -6 -5 -5 -5 -5 -4 -4 -4 -4 -3 -3 -2 -2 -2 ------- Run | Jun Mat Min Mat Min Exi Min Mat Gar Mat Gar Fac Gar Fac Gar Fac Ext Cet Arc Hub Fac Gar Fac Gar Fac Gar Fac Gar Res Tes Res Qua Sec Robot Analysis Total 4 | . 1 . . . . . 1 . 1 . . . . . 1 . . . . . . . . . . . . . . . . . Derelict Logs Recovered 2 | . . 1 . 1 . . . . . . . . . . . . . . . . . . . . . . . . . . . . Drone Launches . | . . . . . . . . . . . . . . . . . . . . . . . . . . . . . . . . . Drone Recoveries . | . . . . . . . . . . . . . . . . . . . . . . . . . . . . . . . . . Exploration | -11 -10 -10 -9 -9 -9 -8 -8 -8 -8 -8 -7 -7 -7 -7 -6 -6 -6 -6 -6 -5 -5 -5 -5 -4 -4 -4 -4 -3 -3 -2 -2 -2 ------------- Run | Jun Mat Min Mat Min Exi Min Mat Gar Mat Gar Fac Gar Fac Gar Fac Ext Cet Arc Hub Fac Gar Fac Gar Fac Gar Fac Gar Res Tes Res Qua Sec Turns Passed 35032 | 101 647 309 2545 624 1186 461 1329 466 915 1752 1179 1763 388 809 1615 1707 385 1061 1596 348 1230 1424 1306 679 1050 238 1198 1007 1755 880 2072 1007 Spaces Moved 16099 | 46 271 170 954 198 477 167 424 175 333 600 411 782 176 274 666 766 178 309 633 229 885 975 694 388 754 162 513 546 812 434 1187 510 Core 26 | 2 . . . . . . . . . . . . . . . . . . . . . . . . 24 . . . . . . . Treads 5644 | 44 271 170 954 198 476 167 424 175 333 600 381 162 . . . . 153 309 507 . . . . . . . . . 265 55 . . Legs 9573 | . . . . . 1 . . . . . 30 620 176 274 666 766 25 . 126 229 885 975 694 388 162 . 387 546 547 379 1187 510 Wheels 621 | . . . . . . . . . . . . . . . . . . . . . . . . . 333 162 126 . . . . . Hover . | . . . . . . . . . . . . . . . . . . . . . . . . . . . . . . . . . Flight 235 | . . . . . . . . . . . . . . . . . . . . . . . . . 235 . . . . . . . Fastest Speed 19 | 50 160 160 160 240 240 240 240 240 240 243 170 170 180 180 183 183 160 160 100 100 100 100 100 108 19 105 120 116 116 110 116 100 Average Speed 166 | 155 167 160 233 240 241 240 240 240 240 243 237 193 180 222 198 183 166 160 152 100 100 100 142 145 87 109 182 134 160 158 118 112 Slowest Speed 1650 | 160 320 160 320 240 560 240 240 240 243 243 243 400 180 256 260 184 240 160 240 100 100 170 175 182 1650 120 400 186 232 470 188 240 Overloaded Moves . | . . . . . . . . . . . . . . . . . . . . . . . . . . . . . . . . . Propulsion Burnouts . | . . . . . . . . . . . . . . . . . . . . . . . . . . . . . . . . . Robots Hopped 1 | . . . . . . . . . . . . . . . . . 1 . . . . . . . . . . . . . . . Cave-ins Triggered . | . . . . . . . . . . . . . . . . . . . . . . . . . . . . . . . . . Exploration Rate (%) 45 | 4 38 44 69 50 70 39 37 35 32 63 15 77 8 32 20 91 67 81 65 6 60 21 64 14 63 6 56 28 93 23 92 24 Regions Visited 32 Branch Regions 11 Pre-discovered Areas 2 | . 1 1 . . . . . . . . . . . . . . . . . . . . . . . . . . . . . . Known Exits Taken 11 | . . . . . . . 1 . 1 . 1 . 1 . 1 . . . 1 1 . 1 . 1 . 1 . 1 . . . . Unknown Exits Taken 13 | 1 1 1 1 1 1 1 . . . . . . . . . 1 1 1 . . . . . . . . . . 1 1 1 . Scrap Searched . | . . . . . . . . . . . . . . . . . . . . . . . . . . . . . . . . . Spaces Dug 145 | . . . . . . . . . 1 . . . . . . 1 1 . 1 . . 27 . 11 31 . 1 16 13 7 23 12 Terrain Destroyed 1049 | . . . . . . . 15 . 15 17 29 1 . . 6 19 1 17 199 . 62 84 14 59 88 12 86 43 53 48 68 113 Melee 20 | . . . . . . . . . 1 . . . . . . 1 1 . . . . . . 2 . . . 5 . . . 10 Projectile 380 | . . . . . . . . . . 2 1 1 . . . 18 . 17 37 . 17 28 14 18 19 12 14 33 53 33 49 14 AOE 644 | . . . . . . . 15 . 14 15 28 . . . 6 . . . 158 . 45 56 . 39 69 . 71 5 . 15 19 89 Terrain Rammed . | . . . . . . . . . . . . . . . . . . . . . . . . . . . . . . . . . Walls Destroyed . | . . . . . . . . . . . . . . . . . . . . . . . . . . . . . . . . . Machines Disabled . | . . . . . . . . . . . . . . . . . . . . . . . . . . . . . . . . . Actions | -11 -10 -10 -9 -9 -9 -8 -8 -8 -8 -8 -7 -7 -7 -7 -6 -6 -6 -6 -6 -5 -5 -5 -5 -4 -4 -4 -4 -3 -3 -2 -2 -2 --------- Run | Jun Mat Min Mat Min Exi Min Mat Gar Mat Gar Fac Gar Fac Gar Fac Ext Cet Arc Hub Fac Gar Fac Gar Fac Gar Fac Gar Res Tes Res Qua Sec Total 21692 | 64 392 185 1167 251 518 187 594 212 419 788 520 956 247 390 865 992 245 816 1023 330 1101 1329 869 486 1013 205 677 720 1089 583 1648 811 Wait 1841 | . 48 1 38 2 3 . 39 24 54 28 22 31 45 25 63 13 24 454 145 54 100 193 25 25 3 22 18 70 77 28 83 84 Move 16066 | 46 270 169 953 197 476 166 423 173 333 598 411 780 176 272 665 765 175 308 632 229 883 975 692 388 753 162 511 545 811 433 1186 510 Hop 1 | . . . . . . . . . . . . . . . . . 1 . . . . . . . . . . . . . . . Pick Up 312 | 6 12 1 41 1 8 . 14 3 3 5 9 15 6 6 12 9 5 3 23 5 10 16 7 3 34 3 6 9 6 6 19 6 Fast Attach 256 | 6 2 . 5 . 4 . 1 . 2 2 4 4 3 6 11 10 5 7 9 5 2 8 6 4 22 1 21 5 26 20 35 20 Attach 174 | . 1 1 11 1 6 . 9 2 1 3 7 7 4 3 9 5 3 2 15 6 7 11 5 6 10 3 4 6 3 5 12 6 Detach 53 | . 1 . 2 . . . . . . . 3 2 1 1 3 4 . . 5 3 1 4 2 6 . . 6 . 1 . 4 4 Swap 228 | . 11 . 9 . 1 . 4 1 5 2 6 4 2 4 22 6 3 2 14 5 4 28 8 2 14 3 6 12 20 . 17 13 Drop 419 | . 5 1 37 1 16 . 11 3 6 8 5 13 8 11 16 13 15 10 21 6 7 21 8 4 25 2 21 11 34 13 47 20 Fire 1732 | 5 40 11 62 47 . 20 85 6 13 60 53 45 1 43 56 21 6 30 156 17 77 69 79 45 78 9 55 49 109 77 206 102 Melee 137 | . . . . . 4 . . . 1 . . 1 . 3 . 18 8 . . . . . . 3 . . 1 13 . . 39 46 Ram . | . . . . . . . . . . . . . . . . . . . . . . . . . . . . . . . . . Kick 22 | . . . . . . . . . . . . . 1 1 8 5 . . 1 . . 4 . . . . . . 1 1 . . Crush 29 | 1 2 1 9 2 . 1 8 . 1 1 . . . . . . . . 2 . . . . . . . . . 1 . . . Escape Stasis 225 | . . . . . . . . . . 11 . 54 . 15 . 20 . . . . 10 . 37 . 50 . 28 . . . . . Rewire 197 | . . . . . . . . . . 70 . . . . . 103 . . . . . . . . 24 . . . . . . . Trap . | . . . . . . . . . . . . . . . . . . . . . . . . . . . . . . . . . Miscellaneous . | . . . . . . . . . . . . . . . . . . . . . . . . . . . . . . . . . Route ------- -11/Junkyard -10/Materials -10/Mines -9/Materials (discovered 3 exits: *Mat x2 / [*Min]) -9/Mines (discovered 2 exits: *Mat / *Exi) -9/Exiles -8/Mines -8/Materials (discovered 2 exits: *Fac / Gar) -8/Garrison -8/Materials -8/Garrison (discovered 2 exits: *Fac x2) -7/Factory -7/Garrison (discovered 3 exits: *Fac x3) -7/Factory (discovered 5 exits: *Sto x2 / Low x2 / Gar) -7/Garrison -6/Factory (discovered 5 exits: *Fac / *Low x2 / *Ext x2) -6/Extension (discovered 2 exits: *Fac / *Cet) -6/Cetus (discovered 2 exits: *Fac / [*Arc]) -6/Archives (discovered 3 exits: *Fac / *Hub x2) -6/Hub_04(d) (discovered 3 exits: *Fac x3) -5/Factory -5/Garrison (discovered 3 exits: *Fac x3) -5/Factory (discovered 2 exits: *Fac / Gar) -5/Garrison (discovered 3 exits: *Fac x3) -4/Factory (discovered 2 exits: [*Upp] / Gar) -4/Garrison (discovered 3 exits: *Res x2 / *Fac) -4/Factory -4/Garrison (discovered 3 exits: *Res x3) -3/Research (discovered 3 exits: Arm / *Tes x2) -3/Testing -2/Research -2/Quarantine (discovered 2 exits: [*Acc] / *Sec) -2/Section 7 (discovered 1 exit: [*Acc]) History --------- Turn | Location | Event 16 | -11/Junkyard | Discovered new exit (range 14) 102 | -11/Junkyard | Entered Materials 274 | -10/Materials | Discovered new exit (range 12) 316 | -10/Materials | Build established: Mutant 749 | -10/Materials | Entered Mines 815 | -10/Mines | Met a Derelict bent on vengeance 832 | -10/Mines | Found a damaged Exp. Sensor Array with a note attached 836 | -10/Mines | Found Prototype Device 845 | -10/Mines | Learned location of Zion (-7) 1039 | -10/Mines | Discovered new exit (range 12) 1058 | -10/Mines | Entered Materials 1058 | -9/Materials | Evolved 2 slots: Propulsion x1, Utility x1 1677 | -9/Materials | Discovered new exit (range 8) 1963 | -9/Materials | Discovered new exit (range 11) 2216 | -9/Materials | Build established: Scavenger-Mutant 2569 | -9/Materials | Build established: Mutant 2795 | -9/Materials | Discovered new exit (range 12) 2998 | -9/Materials | Identified Exp. Sensor Array 3603 | -9/Materials | Entered Mines 3644 | -9/Mines | Learned 2 Materials zone layouts 3687 | -9/Mines | Excavation squad dispatched 3687 | -9/Mines | A large section of the Mines collapsed 3937 | -9/Mines | Excavation squad dispatched 4126 | -9/Mines | Deemed a non-threat by the Exiles lab entrance 4169 | -9/Mines | Discovered new exit (range 10) 4217 | -9/Mines | Discovered new exit (range 5) 4227 | -9/Mines | Entered Exiles 4287 | -9/Exiles | Met 8R-AWN 4326 | -9/Exiles | Met EX-HEX 4395 | -9/Exiles | Met EX-BIN 4453 | -9/Exiles | Aligned with FarCom system 4455 | -9/Exiles | Given EX-Vault access code 4513 | -9/Exiles | Opened EX-Vault 4538 | -9/Exiles | Found Potential Leg 4543 | -9/Exiles | Found Potential Leg 4584 | -9/Exiles | Found AWS/Gauss 4620 | -9/Exiles | Found Flying Fortress v7 4678 | -9/Exiles | Warned to stay clear of 0b10 Research branches 4944 | -9/Exiles | Met EX-DEC 5063 | -9/Exiles | Build established: Scavenger-Mutant 5387 | -9/Exiles | Discovered new exit (range 14) 5393 | -9/Exiles | Build established: Mutant 5413 | -9/Exiles | Stole three prototypes: Potential Leg, Flying Fortress v7, AWS/Gauss 5413 | -9/Exiles | Entered Mines 5857 | -8/Mines | Discovered new exit (range 5) 5874 | -8/Mines | Entered Materials 5874 | -8/Materials | Evolved 2 slots: Utility x2 6164 | -8/Materials | Destroyed 8 combat bots 6610 | -8/Materials | Repaired Med. Armor Plating 6935 | -8/Materials | Discovered new exit (range 7) 7186 | -8/Materials | Identified exit to Garrison 7203 | -8/Materials | Entered Garrison 7259 | -8/Garrison | Installed Relay Interface Framework 7324 | -8/Garrison | Triggered checkpoint 7561 | -8/Garrison | Discovered new exit (range 10) 7669 | -8/Garrison | Entered Materials 8582 | -8/Materials | Identified exit to Garrison 8584 | -8/Materials | Entered Garrison 8756 | -8/Garrison | Triggered checkpoint 8975 | -8/Garrison | Garrison Relay disabled 9022 | -8/Garrison | Triggered checkpoint 9030 | -8/Garrison | Triggered checkpoint 9070 | -8/Garrison | Triggered checkpoint 9242 | -8/Garrison | Rescued a captive Derelict 9243 | -8/Garrison | Rescued a captive Derelict 9492 | -8/Garrison | Triggered checkpoint 9498 | -8/Garrison | Triggered checkpoint 9889 | -8/Garrison | Discovered new exit (range 8) 9934 | -8/Garrison | Triggered checkpoint 10072 | -8/Garrison | Triggered checkpoint 10141 | -8/Garrison | Garrison Relay disabled 10209 | -8/Garrison | Discovered new exit (range 8) 10269 | -8/Garrison | Expanded RIF knowledge: Threat Obfuscation 10336 | -8/Garrison | Entered Factory 10336 | -7/Factory | Evolved 2 slots: Propulsion x1, Utility x1 10338 | -7/Factory | FarCom data flow suspended 10437 | -7/Factory | Build established: Scavenger-Mutant 11268 | -7/Factory | Fabricated M-13 Machinist (x1) 11352 | -7/Factory | Garrison activated, responded to threat 11515 | -7/Factory | Identified exit to Garrison 11515 | -7/Factory | Entered Garrison 11566 | -7/Garrison | Triggered checkpoint 11604 | -7/Garrison | Garrison Relay disabled 11934 | -7/Garrison | Triggered checkpoint 11944 | -7/Garrison | Triggered checkpoint 12024 | -7/Garrison | Lost 4 parts (4n) 12040 | -7/Garrison | Triggered checkpoint 12198 | -7/Garrison | Triggered checkpoint 12219 | -7/Garrison | Discovered new exit (range 15) 12398 | -7/Garrison | Found embedded Infiltrators 12407 | -7/Garrison | Discovered new exit (range 12) 12478 | -7/Garrison | Triggered checkpoint 12505 | -7/Garrison | Garrison Relay disabled 12531 | -7/Garrison | Garrison Relay disabled 12770 | -7/Garrison | Expanded RIF knowledge: Watcher Feeds 12818 | -7/Garrison | Triggered checkpoint 12899 | -7/Garrison | Discovered new exit (range 13) 13072 | -7/Garrison | Triggered checkpoint 13170 | -7/Garrison | Triggered checkpoint 13176 | -7/Garrison | Garrison Relay disabled 13273 | -7/Garrison | Identified exit to Factory 13278 | -7/Garrison | Entered Factory 13278 | -7/Factory | Accompanied by 2 allies 13330 | -7/Factory | Discovered new exit (range 15) 13357 | -7/Factory | Identified exit to Storage 13400 | -7/Factory | Discovered exit to Storage (range 7) 13482 | -7/Factory | Build established: Bothacker-Mutant 13483 | -7/Factory | Identified exit to Lower Caves 13634 | -7/Factory | Repaired Flak Gun 13665 | -7/Factory | Identified exit to Garrison 13666 | -7/Factory | Entered Garrison 13666 | -7/Garrison | Accompanied by 2 allies 13864 | -7/Garrison | Build established: Scavenger-Mutant 14068 | -7/Garrison | Triggered checkpoint 14147 | -7/Garrison | Discovered new exit (range 13) 14164 | -7/Garrison | Triggered checkpoint 14262 | -7/Garrison | Garrison Relay disabled 14358 | -7/Garrison | Expanded RIF knowledge: Autoassimilate 14475 | -7/Garrison | Entered Factory 14475 | -6/Factory | Evolved 2 slots: Utility x2 14531 | -6/Factory | Build established: Bothacker-Mutant 14789 | -6/Factory | Discovered new exit (range 5) 15769 | -6/Factory | Identified exit to Lower Caves 15769 | -6/Factory | Identified exit to Extension 16019 | -6/Factory | Discovered new exit (range 27) 16036 | -6/Factory | Identified exit to Factory 16090 | -6/Factory | Entered Extension 16090 | -6/Extension | Accompanied by 2 allies 16255 | -6/Extension | Lost 3 parts (1p1n1w) 16465 | -6/Extension | Rescued a captive Derelict 16466 | -6/Extension | Rescued a captive Derelict 16538 | -6/Extension | Rescued a captive Derelict 16540 | -6/Extension | Rescued a captive Derelict 16746 | -6/Extension | Build established: Mutant 17031 | -6/Extension | Spotted B-75 Beast 17046 | -6/Extension | Destroyed B-75 Beast 17051 | -6/Extension | Spotted B-75 Beast 17059 | -6/Extension | Destroyed B-75 Beast 17453 | -6/Extension | Build established: Commander-Mutant 17554 | -6/Extension | Rescued A7 17673 | -6/Extension | Rescued a captive Derelict 17678 | -6/Extension | Rescued a captive Derelict 17749 | -6/Extension | Discovered exit to Factory (range 10) 17751 | -6/Extension | Discovered new exit (range 6) 17797 | -6/Extension | Entered Cetus 17797 | -6/Cetus | Accompanied by 12 allies (A7) 17802 | -6/Cetus | Acquired a Cetus Manufacturing Module code from A7 17833 | -6/Cetus | Spotted Cetus Guard 17833 | -6/Cetus | Spotted Cetus Guard 17833 | -6/Cetus | Spotted Cetus Guard 17834 | -6/Cetus | Allies destroyed Cetus Guard 17834 | -6/Cetus | Spotted Cetus Guard 17840 | -6/Cetus | Allies destroyed Cetus Guard 17842 | -6/Cetus | Allies destroyed Cetus Guard 17845 | -6/Cetus | Allies destroyed Cetus Guard 17958 | -6/Cetus | Started Cetus Manufacturing Module 17983 | -6/Cetus | Manufactured an Enhanced Grunt 17994 | -6/Cetus | Escorted A7 to Cetus Mainframe 18008 | -6/Cetus | Manufactured an Enhanced Grunt 18019 | -6/Cetus | Discovered new exit (range 15) 18033 | -6/Cetus | Manufactured an Enhanced Grunt 18041 | -6/Cetus | Cetus Manufacturing Module disabled 18043 | -6/Cetus | Discovered exit to Factory (range 27) 18051 | -6/Cetus | Spotted Cetus Guard 18051 | -6/Cetus | Spotted Cetus Guard 18052 | -6/Cetus | Allies destroyed Cetus Guard 18053 | -6/Cetus | Spotted Cetus Guard 18053 | -6/Cetus | Spotted Cetus Guard 18054 | -6/Cetus | Destroyed Cetus Guard 18056 | -6/Cetus | Allies destroyed Cetus Guard 18061 | -6/Cetus | Allies destroyed Cetus Guard 18078 | -6/Cetus | Met Revision 17 18182 | -6/Cetus | Entered Archives 18182 | -6/Archives | Accompanied by 10 allies (A7) 18187 | -6/Archives | Received a hacking code to weaken MAIN.C 18301 | -6/Archives | Discovered new exit (range 16) 18376 | -6/Archives | Discovered new exit (range 16) 18418 | -6/Archives | Discovered exit to Factory (range 15) 18510 | -6/Archives | Build established: Scavenger-Mutant 19058 | -6/Archives | Found Prototype Device 19058 | -6/Archives | Identified Exp. Thermal Shield 19243 | -6/Archives | Entered Hub_04(d) 19243 | -6/Hub_04(d) | Accompanied by 5 allies 19243 | -6/Hub_04(d) | Discovered exit to Factory (range 10) 19790 | -6/Hub_04(d) | Discovered exit to Factory (range 30) 19823 | -6/Hub_04(d) | Destroyed 10 combat bots 19860 | -6/Hub_04(d) | Discovered exit to Factory (range 8) 19943 | -6/Hub_04(d) | First assault squad dispatched 20010 | -6/Hub_04(d) | Network Hub disabled 20354 | -6/Hub_04(d) | Network Hub disabled 20362 | -6/Hub_04(d) | Spotted Lightning 20362 | -6/Hub_04(d) | Spotted Lightning 20362 | -6/Hub_04(d) | Spotted Lightning 20372 | -6/Hub_04(d) | System corruption reached 10% 20386 | -6/Hub_04(d) | Core integrity fell below 50% 20407 | -6/Hub_04(d) | Destroyed Lightning 20418 | -6/Hub_04(d) | Destroyed Lightning 20442 | -6/Hub_04(d) | Destroyed Lightning 20463 | -6/Hub_04(d) | Found Prototype Energy Cannon 20470 | -6/Hub_04(d) | Found Prototype Device 20470 | -6/Hub_04(d) | Identified Exp. Phase Shifter 20478 | -6/Hub_04(d) | Found Prototype Device 20478 | -6/Hub_04(d) | Identified Exp. EM Disruption Field 20483 | -6/Hub_04(d) | Found Exp. Phase Shifter 20487 | -6/Hub_04(d) | Found Prototype Energy Cannon 20487 | -6/Hub_04(d) | Identified EMDS (x2) 20505 | -6/Hub_04(d) | Found Exp. Targeting Computer 20549 | -6/Hub_04(d) | Found Exp. Phase Shifter 20668 | -6/Hub_04(d) | Spotted Lightning 20669 | -6/Hub_04(d) | Spotted Lightning 20671 | -6/Hub_04(d) | Spotted Lightning 20687 | -6/Hub_04(d) | Destroyed Lightning 20729 | -6/Hub_04(d) | Destroyed Lightning 20759 | -6/Hub_04(d) | Destroyed Lightning 20777 | -6/Hub_04(d) | Found EMDS 20781 | -6/Hub_04(d) | Found Exp. Phase Shifter 20802 | -6/Hub_04(d) | Found Exp. EM Disruption Field 20834 | -6/Hub_04(d) | Found Exp. Phase Shifter 20839 | -6/Hub_04(d) | Entered Factory 20839 | -5/Factory | Evolved 2 slots: Power x1, Propulsion x1 21132 | -5/Factory | Fabricated M-13 Machinist (x1) 21185 | -5/Factory | Identified exit to Garrison 21187 | -5/Factory | Entered Garrison 21187 | -5/Garrison | Accompanied by 1 ally 21232 | -5/Garrison | Triggered checkpoint 21312 | -5/Garrison | Garrison Relay disabled 21372 | -5/Garrison | Triggered checkpoint 21410 | -5/Garrison | Spotted B-75 Beast 21434 | -5/Garrison | Destroyed B-75 Beast 21455 | -5/Garrison | Destroyed 7 combat bots 21730 | -5/Garrison | Discovered new exit (range 11) 21752 | -5/Garrison | Triggered checkpoint 21836 | -5/Garrison | Triggered checkpoint 22004 | -5/Garrison | Found Relay Coupler [Proto] 22007 | -5/Garrison | Found Relay Coupler [Proto] 22010 | -5/Garrison | Found Relay Coupler [Proto] 22013 | -5/Garrison | Found Relay Coupler [Proto] 22048 | -5/Garrison | Garrison Relay disabled 22166 | -5/Garrison | Triggered checkpoint 22215 | -5/Garrison | Discovered new exit (range 14) 22278 | -5/Garrison | Triggered checkpoint 22304 | -5/Garrison | Build established: Bothacker-Mutant 22360 | -5/Garrison | Discovered new exit (range 14) 22385 | -5/Garrison | Expanded RIF knowledge: Program Shield 22417 | -5/Garrison | Entered Factory 22441 | -5/Factory | Discovered new exit (range 15) 22787 | -5/Factory | Lost 3 parts (3u) 23550 | -5/Factory | Cargo convoy interrupted 23617 | -5/Factory | First assault squad dispatched 23682 | -5/Factory | Fabricated M-13 Machinist (x1) 23841 | -5/Factory | Identified exit to Garrison 23841 | -5/Factory | Entered Garrison 23868 | -5/Garrison | Triggered checkpoint 23932 | -5/Garrison | Garrison Relay disabled 24071 | -5/Garrison | Spotted B-75 Beast 24157 | -5/Garrison | Destroyed B-75 Beast 24174 | -5/Garrison | Triggered checkpoint 24188 | -5/Garrison | Triggered checkpoint 24338 | -5/Garrison | Discovered new exit (range 14) 24360 | -5/Garrison | Identified exit to Factory 24516 | -5/Garrison | Discovered exit to Factory (range 10) 24516 | -5/Garrison | Spotted B-86 Titan 24554 | -5/Garrison | Triggered checkpoint 24631 | -5/Garrison | Garrison Relay disabled 24787 | -5/Garrison | Triggered checkpoint 24934 | -5/Garrison | Triggered checkpoint 24937 | -5/Garrison | Build established: Botlord-Mutant 25060 | -5/Garrison | Expanded RIF knowledge: Patrol Navigation 25082 | -5/Garrison | Found embedded Infiltrators 25084 | -5/Garrison | Garrison Relay disabled 25132 | -5/Garrison | Discovered exit to Factory (range 12) 25147 | -5/Garrison | Entered Factory 25147 | -4/Factory | Accompanied by 2 allies 25147 | -4/Factory | Evolved 2 slots: Utility x1, Weapon x1 25173 | -4/Factory | Found Quantum Capacitor 25807 | -4/Factory | Discovered new exit (range 20) 25826 | -4/Factory | Identified exit to Garrison 25826 | -4/Factory | Entered Garrison 25910 | -4/Garrison | Found Relay Coupler [Proto] 25913 | -4/Garrison | Found Relay Coupler [Proto] 25915 | -4/Garrison | Found Relay Coupler [Proto] 25918 | -4/Garrison | Found Relay Coupler [Proto] 25921 | -4/Garrison | Lost 4 parts (1p1n1u1w) 26010 | -4/Garrison | Triggered checkpoint 26050 | -4/Garrison | Expanded RIF knowledge: Code Merge 26070 | -4/Garrison | Garrison Relay disabled 26159 | -4/Garrison | Triggered checkpoint 26169 | -4/Garrison | Triggered checkpoint 26171 | -4/Garrison | Triggered checkpoint 26204 | -4/Garrison | System corruption reached 10% 26239 | -4/Garrison | Destroyed 14 combat bots 26246 | -4/Garrison | Lost 12 parts (2p5n2u3w) 26592 | -4/Garrison | Found embedded Infiltrators 26600 | -4/Garrison | Triggered checkpoint 26604 | -4/Garrison | Garrison Relay disabled 26655 | -4/Garrison | Discovered new exit (range 12) 26771 | -4/Garrison | Discovered new exit (range 13) 26772 | -4/Garrison | Triggered checkpoint 26843 | -4/Garrison | Discovered new exit (range 5) 26876 | -4/Garrison | Entered Factory 26876 | -4/Factory | Accompanied by 4 allies 27114 | -4/Factory | Identified exit to Garrison 27114 | -4/Factory | Entered Garrison 27187 | -4/Garrison | Garrison Relay disabled 27195 | -4/Garrison | Triggered checkpoint 27413 | -4/Garrison | Triggered checkpoint 27413 | -4/Garrison | Triggered checkpoint 27439 | -4/Garrison | Core integrity fell below 50% 27466 | -4/Garrison | Lost 6 parts (2p4n) 27467 | -4/Garrison | Destroyed 8 combat bots 27699 | -4/Garrison | Discovered new exit (range 10) 27789 | -4/Garrison | Found Adv. Powered Armor 27793 | -4/Garrison | Found Adv. Powered Armor 27796 | -4/Garrison | Found Adv. Powered Armor 27875 | -4/Garrison | Build established: Botlord-Gunner 28051 | -4/Garrison | Discovered new exit (range 8) 28177 | -4/Garrison | Triggered checkpoint 28251 | -4/Garrison | Discovered new exit (range 12) 28278 | -4/Garrison | Expanded RIF knowledge: Command Fork 28312 | -4/Garrison | Entered Research 28312 | -3/Research | Evolved 2 slots: Propulsion x1, Utility x1 28473 | -3/Research | Build established: Botlord-Mutant 28536 | -3/Research | Identified exit to Armory 28536 | -3/Research | Identified exit to Testing 29285 | -3/Research | Lost 3 parts (1p1n1u) 29319 | -3/Research | Entered Testing 29531 | -3/Testing | Found Prototype Energy Gun 29531 | -3/Testing | Identified Warp Gun 29612 | -3/Testing | Found Prototype Hackware 29719 | -3/Testing | Spotted PX-I6IF3NVGQG 29726 | -3/Testing | Discovered new exit (range 7) 30033 | -3/Testing | Build established: Botlord-Gunner 30124 | -3/Testing | System corruption reached 10% 30184 | -3/Testing | Spotted PL-WPI4FXOO6E 30234 | -3/Testing | Destroyed PL-WPI4FXOO6E 30238 | -3/Testing | Found Prototype Slashing Weapon 30238 | -3/Testing | Identified Molecular Scythe 30258 | -3/Testing | Found Prototype Slashing Weapon 30258 | -3/Testing | Identified Nanosword 30361 | -3/Testing | Spotted Striker 30436 | -3/Testing | Spotted Striker 30437 | -3/Testing | Autoassimilated Striker with RIF 30463 | -3/Testing | Found Prototype Energy Cannon 30463 | -3/Testing | Identified Cld. Nova Cannon 30488 | -3/Testing | Build established: Botlord-Mutant 30666 | -3/Testing | Found Prototype Energy Cannon 30666 | -3/Testing | Identified Potential Cannon 30684 | -3/Testing | Found Prototype Energy Cannon 30701 | -3/Testing | Identified Ghost Barrier 31010 | -3/Testing | Lost 4 parts (1p1n2u) 31074 | -3/Testing | Entered Research 31074 | -2/Research | Evolved 2 slots: Utility x2 31179 | -2/Research | Found Prototype Device 31179 | -2/Research | Identified System Purifier 31947 | -2/Research | Discovered new exit (range 8) 31954 | -2/Research | Entered Quarantine 31970 | -2/Quarantine | Found Alien Artifact 32010 | -2/Quarantine | Cryocooling Duct disabled 32025 | -2/Quarantine | Ambient heat levels rising (+20) 32025 | -2/Quarantine | Non-combat units ordered to evacuate 32038 | -2/Quarantine | Found Alien Impact Weapon 32165 | -2/Quarantine | Spotted Alpha 7 32212 | -2/Quarantine | Found Alien Launcher 32290 | -2/Quarantine | System corruption reached 10% 32293 | -2/Quarantine | Destroyed Alpha 7 32323 | -2/Quarantine | Lost 9 parts (2p2n2u3w) 32338 | -2/Quarantine | Found Exp. Targeting Computer 32342 | -2/Quarantine | Found Prototype Device 32342 | -2/Quarantine | Identified Exp. ECM Suite 32417 | -2/Quarantine | Found Prototype Launcher 32417 | -2/Quarantine | Identified Hellfire Missile Launcher 32488 | -2/Quarantine | Found Alien Artifact 32492 | -2/Quarantine | Found Alien Artifact 32498 | -2/Quarantine | Found Alien Artifact 32505 | -2/Quarantine | Found Alien Artifact 32693 | -2/Quarantine | Repaired Broken Centrium Leg 32748 | -2/Quarantine | Core integrity fell below 50% 32925 | -2/Quarantine | Found Alien Artifact 32925 | -2/Quarantine | Identified Phase Armor 33192 | -2/Quarantine | Found Alien Slashing Weapon 33192 | -2/Quarantine | Identified Sigix Broadsword 33308 | -2/Quarantine | Found Alien Artifact 33351 | -2/Quarantine | System corruption reached 30% 33556 | -2/Quarantine | Found Unknown Device 33556 | -2/Quarantine | Identified Quantum Capacitor 33653 | -2/Quarantine | Discovered new exit (range 13) 33791 | -2/Quarantine | Spotted Fortress 33824 | -2/Quarantine | Hijacked Fortress control node with streamctrl_high 33906 | -2/Quarantine | Destroyed Fortress 33926 | -2/Quarantine | Found Unknown Device 33926 | -2/Quarantine | Identified Antimissile System 33946 | -2/Quarantine | Found Prototype Protection 34021 | -2/Quarantine | Discovered new exit (range 5) 34026 | -2/Quarantine | Entered Section 7 34133 | -2/Section 7 | Identified Dimensional Node Initializer 34133 | -2/Section 7 | Initialized slip node 34146 | -2/Section 7 | Found Alien Artifact 34265 | -2/Section 7 | Spotted S7 Guard 34378 | -2/Section 7 | Destroyed S7 Guard 34400 | -2/Section 7 | Found Alien Artifact 34400 | -2/Section 7 | Identified Core Physics Calibrator 34408 | -2/Section 7 | Found Corrupted Prototype Protection 34408 | -2/Section 7 | Identified Hvy. Regenerative Plating 34466 | -2/Section 7 | Found Alien Artifact 34658 | -2/Section 7 | Core integrity fell below 20% 34760 | -2/Section 7 | Discovered new exit (range 22) 34776 | -2/Section 7 | First assault squad dispatched 34805 | -2/Section 7 | Destroyed 15 combat bots 34947 | -2/Section 7 | Spotted S7 Guard 34949 | -2/Section 7 | Identified Core Stripper 35010 | -2/Section 7 | Destroyed S7 Guard 35025 | -2/Section 7 | Found Hvy. Regenerative Plating 35034 | -2/Section 7 | Core destroyed Last Messages --------------- 35018_ U-05 Engineer lays Concrete. 35020_ Acquired Imp. Quantum Reactor. 35021_ U-05 Engineer lays Concrete. 35022_ M-36 Artificer repairs Imp. Antigrav System. 35023_ U-05 Engineer lays Concrete. 35025_ YNQ2%|ESSLZTPROU0S#8K| 35025_ Acquired Hvy. Regenerative Plating. 35025_ U-05 Engineer lays Concrete. 35028_ U-05 Engineer builds a Wall. 35028_ Destroyed Welding Torch. 35031_ Overheating: Energy bleed (-65). 35031_ U-05 Engineer destroyed. 35032_ Power failure, Quantum Reactor shutdown. 35032_ Power failure, Imp. Quantum Reactor shutdown. 35032_ Overheating: Enh. Biometal Leg damaged (-7). 35032_ Overheating: Quantum Capacitor damaged (-10). 35032_ Overheating: Huge Storage Unit damaged (-151). 35032_ Overheating: Enh. Nova Cannon damaged (-17). 35032_ Destroyed Gamma Rifle. 35034_ Overheating: Core damaged (-159). Map ----- +----------------------------------------------------+ | | | | | | | | | | | | | | | | | ????????###????### ## ##?????????????????? | | #########"###### #######;! ##????????????????? | | =%%=[ #????????????????? | | = < #????????????????? | | = % [% #????????????????? | | = [ A #????????????????? | | #####"####+###########; #????????????????? | | #???# ?? ????????## [[m# #?????????????????? | | #???# "" ?[ "?????### %%p! ???????????????????? | | #???#""" [[ ""????#;## =%/#?????????????????????? | | ##??#"T [[ """ ???# %!|#?######??????????????? | | "#??#""" """ ???# !!#?"""""#??????????????? | | %#??# "" """ #??##;*= # """""#??????????????? | | ##?? """ ????#!|!! # "!""#??????????????? | | #???# """ ????##%[%!# """"#??????????????? | | #???# """??????#!=* # "#??????????????? | | #???# ? """??????#![ ]+ ""#??????????????? | | #???# ? ??????# =@%# "#??????????????? | | #???? ? ???????#!!] ########??????????????? | | ?????##?????###???????# #?????????????????????? | | ??????????????????????# #?????????????????????? | | ??????????????????????# #?????????????????????? | | ?????????????????????# #?????????????????????? | | ??????????????????????+ +?????????????????????? | | ??????????????????????# #?????????????????????? | | ??????????????????????# #?????????????????????? | | ??????????????????????# #?????????????????????? | | ??????????????????????# #?????????????????????? | | ??????????????????????# #?????????????????????? | | ??????????????????????# #?????????????????????? | | ??????????????????????# #?????????????????????? | | ??????????????????????# #?????????????????????? | | ??????????????????????# #?????????????????????? | | ??????????????????????# #?????????????????????? | | ??????????????????????# #?????????????????????? | | ??????????????????????# #?????????????????????? | | ??????????????????????# #?????????????????????? | | ??????????????????????? #?????????????????????? | | ??????????????????????? ??????????????????????? | | ?????????????????????????????????????????????????? | | ?????????????????????????????????????????????????? | | ?????????????????????????????????????????????????? | +----------------------------------------------------+ Best States ------------- Heat Dissipation 177 Coolant Potential 100 Energy Generation 66 Energy Capacity 900 Matter Stores 300 Matter Capacity 550 Sight Range 22 Robot Scan Range 20 Terrain Scan Range 24 Terrain Scan Density 210 Jamming Range 16 Power Amplification 70 Armor Coverage 1350 Resistance: TH 30 Resistance: EM 75 Core Shielding 40 Utility Shielding 66 Weapon Shielding 66 Point Defense Rating 240 Weapon Cycling 25 Phase Shifting 20 Evasion (%) 75 Targeting Accuracy 12 Core Analysis 6 Armor Integrity Analysis 40 Recoil Reduction 4 Particle Charging 20 Salvage Targeting 3 Offensive Hacking 26 Relay Coupler Types 4 Relay Coupler Value 88 Authchip Count 2 Item Schematics ----------------- Plasma Cutter | -9/Materials | Hacked Salvage Targeting Computer | -9/Materials | Hacked Cargo Storage Unit | -9/Materials | Hacked Transport Network Coupler | -8/Materials | Hacked Exp. Sensor Array | -5/Factory | Scanalyzed Exp. Phase Shifter | -5/Factory | Scanalyzed Robot Schematics ------------------ M-13 Machinist | -9/Materials | Hacked Fabricated ------------ M-13 Machinist | x1 | -7/Factory | Authchip M-13 Machinist | x1 | -5/Factory | Authchip M-13 Machinist | x1 | -5/Factory | Authchip Alien Tech Used ----------------- Phase Armor Sigix Broadsword Dimensional Node Initializer Core Physics Calibrator Core Stripper Achievements -------------- None Challenges ------------ None Game ------ Seed TrapSegregatorCleaver Manual? 0 Play Time 04:48:35 Cumulative 706.0 hours Start 2023.04.24 @ 22:17:50 End 2023.04.27 @ 03:08:11 Sessions 25 Manual Loads 0 Difficulty Rogue Special Mode None Game No. 635 Rogue 635 Adventurer 0 Explorer 0 Win Type - Total 34 Types 14/2/10/2/0/0/4/1/1 Lore% 97 Gallery% 96 Achievement% 83 Wizard Run 0 Options --------- ASCII 0 Keyboard 0 Movement Numpad Keybinds 0 Fullscreen 1 Font 18/Smallcaps Map View 76x50 Tactical HUD 1 Map Filters NONE Filters NONE Steam 1 RUN: 6826ce18-6e89-41bf-8487-241b0a61f3a3